Workbook
Name CONDICION_POBLACIONAL: [1]Variables!$C$1:$C$24
Name ENCABEZADO: #REF!
Name GRUPO_ETAREO: [1]Variables!$A$1:$A$8
Name GRUPO_ETAREOS: #REF!
Name GRUPO_ETARIO: #REF!
Name GRUPO_ETNICO: #REF!
Name GRUPOETNICO: #REF!
Name GRUPOS_ETNICOS: [1]Variables!$H$1:$H$8
Name LA: #REF!
Name LOCALIDAD: #REF!
Name LOCALIZACION: #REF!
Name tabla: #REF!

Sheet GESTIÓN
G2: DIRECCIONAMIENTO ESTRATÉGICO
G3: Formato: Programación, atualización y seguimiento del plan de acción Actualización y seguimiento al Componente de Gestión
G4: Código: PE01-PR02-F2 | DT4: Versión: 12
A5: DEPENDENCIA: | G5: SEGAE
A6: CÓDIGO Y NOMBRE PROYECTO: | G6: 7794 - Fortalecimiento de la gestión ambiental sectorial, el ecourbanismo y cambio climático en el D.C.Bogotá
A7: Propósito Plan de Desarrollo | G7: 02. Cambiar nuestros hábitos de vida para reverdecer a Bogotá y adaptarnos y mitigar la crisis climática
A8: Programa Plan de Desarrollo | G8: 27. Cambio Cultural para la gestión de la crisis climática
A10: ESTRUCTURA DEL PLAN DE DESARROLLO | C10: 2, META PLAN DE DESARROLLO | E10: 3, INDICADOR ASOCIADO A LA META PLAN DE DESARROLLO | EF10: 4, % CUMPLIMIENTO ACUMULADO (Vigencia) | EG10: 5, % DE AVANCE CUATRIENIO | EH10: 6, DESCRIPCIÓN DE LOS AVANCES Y LOGROS ALCANZADOS | EI10: 7, RETRASOS | EJ10: 8, SOLUCIONES PLANTEADAS | EK10: 9, BENEFICIOS | EL10: 10, FUENTE DE EVIDENCIAS
A11: 1.1 Propósito | B11: 1.2 Programa | C11: 2,1 COD. | D11: 2,2 META PLAN DE DESARROLLO | E11: 3,1 COD. | F11: 3,2 INDICADOR | G11: 3,3 UNIDAD DE MEDIDA | H11: 3,4 TIPOLOGÍA | I11: 3,5 MAGNITUD PD | J11: 3,6 PROGRAMACIÓN - ACTUALIZACIÓN | DT11: 3,7 SEGUIMIENTO VIGENCIA ACTUAL
J12: PROGRAMACIÓN INICIAL CUATRIENIO | K12: AÑO 2020 | X12: AÑO 2021 | AW12: AÑO 2022 | BV12: AÑO 2023 | CU12: AÑO 2024 | DT12: ENE. | DU12: FEB | DV12: MAR | DW12: ABR | DX12: MAY | DY12: JUN | DZ12: JUL | EA12: AGO | EB12: SEP | EC12: OCT | ED12: NOV | EE12: DIC
K13: REPROGRAMACIÓN VIGENCIA | L13: PROGR. ANUAL MES JUL. | M13: EJECUTADO JUL. | N13: PROGR. ANUAL MES AGO. | O13: EJECUTADO AGO. | P13: PROGR. ANUAL MES SEP. | Q13: EJECUTADO SEP. | R13: PROGR. ANUAL MES OCT. | S13: EJECUTADO OCT. | T13: PROGR. ANUAL MES NOV. | U13: EJECUTADO NOV. | V13: PROGR. ANUAL MES DIC. | W13: EJECUTADO ACUMULADO AÑO 2020 | X13: REPROGRAMACIÓN VIGENCIA | Y13: PROGR. ANUAL MES ENE. | Z13: EJECUTADO ENE. | AA13: PROGR. ANUAL MES FEB. | AB13: EJECUTADO FEB. | AC13: PROGR. ANUAL MES MAR. | AD13: EJECUTADO MAR. | AE13: PROGR. ANUAL MES ABR. | AF13: EJECUTADO ABR. | AG13: PROGR. ANUAL MES MAY. | AH13: EJECUTADO MAY. | AI13: PROGR. ANUAL MES JUN. | AJ13: EJECUTADO JUN. | AK13: PROGR. ANUAL MES JUL. | AL13: EJECUTADO JUL. | AM13: PROGR. ANUAL MES AGO. | AN13: EJECUTADO AGO. | AO13: PROGR. ANUAL MES SEP. | AP13: EJECUTADO SEP. | AQ13: PROGR. ANUAL MES OCT. | AR13: EJECUTADO OCT. | AS13: PROGR. ANUAL MES NOV. | AT13: EJECUTADO NOV. | AU13: PROGR. ANUAL MES DIC. | AV13: EJECUTADO ACUMUALDO AÑO 2021 | AW13: REPROGRAMACIÓN VIGENCIA | AX13: PROGR. ANUAL MES ENE. | AY13: EJECUTADO ENE. | AZ13: PROGR. ANUAL MES FEB. | BA13: EJECUTADO FEB. | BB13: PROGR. ANUAL MES MAR. | BC13: EJECUTADO MAR. | BD13: PROGR. ANUAL MES ABR. | BE13: EJECUTADO ABR. | BF13: PROGR. ANUAL MES MAY. | BG13: EJECUTADO MAY. | BH13: PROGR. ANUAL MES JUN. | BI13: EJECUTADO JUN. | BJ13: PROGR. ANUAL MES JUL. | BK13: EJECUTADO JUL. | BL13: PROGR. ANUAL MES AGO. | BM13: EJECUTADO AGO. | BN13: PROGR. ANUAL MES SEP. | BO13: EJECUTADO SEP. | BP13: PROGR. ANUAL MES OCT. | BQ13: EJECUTADO OCT. | BR13: PROGR. ANUAL MES NOV. | BS13: EJECUTADO NOV. | BT13: PROGR. ANUAL MES DIC. | BU13: EJECUTADO ACUMUALDO AÑO 2022 | BV13: REPROGRAMACIÓN VIGENCIA | BW13: PROGR. ANUAL MES ENE. | BX13: EJECUTADO ENE. | BY13: PROGR. ANUAL MES FEB. | BZ13: EJECUTADO FEB. | CA13: PROGR. ANUAL MES MAR. | CB13: EJECUTADO MAR. | CC13: PROGR. ANUAL MES ABR. | CD13: EJECUTADO ABR. | CE13: PROGR. ANUAL MES MAY. | CF13: EJECUTADO MAY. | CG13: PROGR. ANUAL MES JUN. | CH13: EJECUTADO JUN. | CI13: PROGR. ANUAL MES JUL. | CJ13: EJECUTADO JUL. | CK13: PROGR. ANUAL MES AGO. | CL13: EJECUTADO AGO. | CM13: PROGR. ANUAL MES SEP. | CN13: EJECUTADO SEP. | CO13: PROGR. ANUAL MES OCT. | CP13: EJECUTADO OCT. | CQ13: PROGR. ANUAL MES NOV. | CR13: EJECUTADO NOV. | CS13: PROGR. ANUAL MES DIC. | CT13: EJECUTADO ACUMUALDO AÑO 2023 | CU13: REPROGRAMACIÓN VIGENCIA | CV13: PROGR. ANUAL MES ENE. | CW13: EJECUTADO ENE. | CX13: PROGR. ANUAL MES FEB. | CY13: EJECUTADO FEB. | CZ13: PROGR. ANUAL MES MAR. | DA13: EJECUTADO MAR. | DB13: PROGR. ANUAL MES ABR. | DC13: EJECUTADO ABR. | DD13: PROGR. ANUAL MES MAY. | DE13: EJECUTADO MAY. | DF13: PROGR. ANUAL MES JUN. | DG13: EJECUTADO JUN. | DH13: PROGR. ANUAL MES JUL. | DI13: EJECUTADO JUL. | DJ13: PROGR. ANUAL MES AGO. | DK13: EJECUTADO AGO. | DL13: PROGR. ANUAL MES SEP. | DM13: EJECUTADO SEP. | DN13: PROGR. ANUAL MES OCT. | DO13: EJECUTADO OCT. | DP13: PROGR. ANUAL MES NOV. | DQ13: EJECUTADO NOV. | DR13: PROGR. ANUAL MES DIC. | DS13: EJECUTADO ACUMUALDO AÑO 2024
A14: 2 | B14: 27 | C14: 198 | D14: Articular e implementar el Plan de Acción Climática Bogotá D.C. 2020-2050 incluyendo la gestión necesaria para lograr una reducción de por lo menos 15% en la emisión de gases de efecto invernadero de Bogotá para 2024, incluyendo herramientas como la participación de la ciudad en los mercados de carbono. | E14: 212 | F14: Número de estrategias consolidadas e implementadas | G14: Número | H14: SUMA | I14: 1 | J14: 1 | K14: 0.15 | L14: 0.15 | M14: 0.03 | N14: 0.15 | O14: 0.05 | P14: 0.15 | Q14: 0.08 | W14: =+Q14 -> 0.08 | X14: 0.25 | AW14: 0.25 | BV14: 0.25 | CU14: 0.1 | DZ14: 0.03 | EA14: 0.05 | EB14: 0.08 | EF14: =EB14/P14 -> 0.53333333 | EG14: =EB14/J14 -> 0.08 | EH14: En la vigencia 2020 se ejecutaron acciones de adaptación al cambio climático priorizadas, con avance del indicador del 0,08 correspondiente a: - Gestión del riesgo por incendio forestal: a) Conocimiento: realización de campaña de prevención de incendios forestales ("MenosIncendiosMásVida"); aportes para la construcción del Plan de Contingencia de la 2a temporada de menos lluvias 2020; actualización de matrices de gran complejidad de incendios. b) Reducción: realización de labores de mitigación. c) Manejo: avance proceso de restauración ecológica en 3 ha de sector afectado por fuego; culminación de valoración económica y ambiental de daños ocasionados por el incendio de Tibanica y avance en la valoración de los incendios en Meandro del Say y Bosa; georreferenciación del incendio en Usme; generación de shapes y salida gráfica de eventos forestales; coordinación de jornada para el despeje del camino del Cerro El Cable; d) Presidencia de la Comisión Distrital para la Prevención y Mitigación de Incendios Forestales. - Respuesta a emergencias: la entidad realizó la activación de 329 emergencias, a las cuales se dio respuesta. - Implementación de instrumentos de planeación ambiental: PIGA: asesorías; participación en la construcción del Dec. de Plásticos de un solo uso; apoyo en la implementación del PIGA de la SDA; Ejecución del Ciclo de Formación en Residuos: Gestión Residuos Hospitalarios y Gestión del aceite usado y pcb´s (43 personas registradas en cada caso); Participación en la modificación de la Resolución 242 de 2014. PACA: revisión de metas formuladas para PACA 2020-2024 y documento elaborado con la información institucional y el resumen de los proyectos de inversión priorizados; reporte del Informe de Seguimiento PACA BMPT vigencia 2020 y Evaluación PACA BMPT cuatrienio; presentación de lineamientos para la formulación PACA 2020-2024. - Seguimiento a otros instrumentos orientados a recuperar y manejar ambientalmente los suelos de protección por riesgo no mitigable: Participación en reuniones de planificación y articulación de acciones en zonas de riesgo no mitigable con instituciones y comunidades, procesos de cartografía social en Altos de La Estancia para construir y concertar un pacto (Administración Distrital y comunidad). Seguimiento a acciones de recuperación ambiental en Nueva Esperanza y Altos de la Estancia. | EI14: N/A | EJ14: N/A | EK14: La ciudad cuenta con acciones para adaptarse al cambio climático, a fin de enfrentar de la mejor manera sus efectos y favorecer la resiliencia. | EL14: Informes de convenios y contratos, reportes de emergencias respondidas por la entidad, informes de seguimiento y de evaluación del PACA, actas de reunión y ayudas de memoria, informes de gestión, reportes de seguimiento.
C15: 199 | D15: Implementar una (1) Estrategia Distrital de Crecimiento Verde con enfoque de sostenibilidad ambiental e innovación que impulse la eficiencia energética, las fuentes no convencionales de energías renovables y la economía circular de manera articulada con los grandes y pequeños generadores y consumidores y que incorpore un sistema de monitoreo para medir la transición hacia un crecimiento verde y el cumplimiento de los ODS | E15: 213 | F15: Numero de estrategias distritales de crecimiento verde implementadas | G15: Número | H15: SUMA | I15: 1 | J15: 1 | K15: 0.05 | L15: 0.05 | M15: 0 | N15: 0.05 | O15: 0.01 | P15: 0.05 | Q15: 0.02 | W15: =+Q15 -> 0.02 | X15: 0.3 | AW15: 0.3 | BV15: 0.3 | CU15: 0.05 | DZ15: 0 | EA15: 0.01 | EB15: 0.02 | EF15: =EB15/P15 -> 0.4 | EG15: =EB15/J15 -> 0.02 | EH15: De acuerdo al acumulado ejecutado en la vigencia 2020, se presenta un avance en el diseño y seguimiento a 1 estrategia de crecimiento verde con enfoque de sostenibilidad, economía circular e innovación para el mes de septiembre de 0.02, en este periodo se realizó la conceptualización estructural de la estrategia de manera gráfica presentada en formato ppt, este producto fue nutrido con la información secundaria trabajada en el mes anterior y fuentes consolidadas propias, incorporando a su vez las ideas consolidadas del equipo de gestión Ambiental Empresarial encabezado por el subdirector. Por otra parte, se inició la elaboración del documento que contendrá la estrategia Distrital de Crecimiento Verde, en esta etapa se concertó una primera versión que se proyecta será la tabla de contenido y se incluyo información correspondiente al primer capítulo "Antecedes del Crecimiento Verde" que se encuentra en proceso de revisión. Por otra parte, con base en la contextualización de la estrategia realizada, se continuo con la articulación externa de la SDA, como la Secretaría Distrital de Desarrollo Económico de quien se recibió aportes y se establecieron agendas de trabajo conjunto en acciones desarrolladas para trabajar la estrategia como soporte a los programas que se encuentra estructurando la mencionada entidad para desarrollar con el sector empresarial de Bogotá, como lo será la estrategia de aglomeraciones dirigida a incentivar, reactivar y fortalecer la economía con líneas dirigidas al emprendimiento, innovación, medición y economía circular. Así mismo, con el acercamiento a líneas de crédito nacionales como Innova Colombia. Es importante tener en cuenta que los avances en las metas dirigidas al uso eficiente de los recursos con la asistencia a proyectos presentados por las empresas, acompañamiento y promoción a negocios verdes, economía circular y producción más limpia en sectores priorizados apuntan a la implementación de la Estrategia Distrital de Crecimiento Verde, las cuales hacen parte de los libros inversión y actividades del presente documento. | EI15: N/A | EJ15: N/A | EK15: La implementación de una Estrategia Distrital de Crecimiento Verde permitirá realizar acciones que incentiven la competitividad en el sector empresarial con la sostenibilidad en el uso de los recursos, menor generación en impactos ambientales y con la promoción de nuevas oportunidades de negocios basados en el aprovechamiento sostenible del capital natural. | EL15: Archivo de gestión SEGAE.
C16: 200 | D16: Realizar la gestión y seguimiento a la aplicación de los determinantes ambientales en 1.000 proyectos de ciudad tomando en cuenta medidas de adaptación y mitigación a la crisis climática. | E16: 214 | F16: Número de proyectos de ciudad con gestión para la incorporación de determinantes ambientales con medidas de mitigación y adaptación al cambio climático. | G16: Numero | H16: SUMA | I16: 600 | J16: 600 | K16: 66 | L16: 66 | M16: 11 | N16: 66 | O16: 22 | P16: 66 | Q16: 33 | W16: =+Q16 -> 33 | X16: 109 | AW16: 172 | BV16: 172 | CU16: 81 | DZ16: 11 | EA16: 22 | EB16: 33 | EF16: =EB16/P16 -> 0.5 | EG16: =EB16/J16 -> 0.055 | EH16: El acumulado ejecutado en la vigencia 2020, corresponde a 33 proyectos, los cuales se han avanzado en la vigencia 2020 y corresponden a proyectos urbanos y arquitectónicos de diferentes escalas, tanto en espacio público como en privado, promoviendo la construcción sostenible y el ecourbanismo en la ciudad. Los proyectos a los cuales se les incorporó criterios de sostenibilidad corresponden a: Un (01) Plan Parcial de Desarrollo, un (01) Plan Parcial de Renovación Urbana, tres (03) Proyectos de Legalización y Regularización de Barrios, cuatro (04) Planes Directores para parques, dieciséis (16) Diseños paisajísticos de parques y zonas verdes, un (01) proyecto de compatibilidad de uso de vivienda en suelo restringido, un (01) Patio zonal para el Sistema Integrado de Transporte Publico - SITP y seis (06) proyectos de infraestructura especial como colegios, tramos viales en intervenciones en Zonas de Manejo y Preservación Ambiental. Durante el mes de septiembre de 2020, se incorporó criterios de sostenibilidad ambiental a once (11) proyectos de diferentes escalas, tanto en espacio público como en privado, promoviendo la construcción sostenible y el ecourbanismo en la ciudad. Los proyectos a los cuales se les incorporo criterios de sostenibilidad corresponden a: Un (01) Plan Director para Parques y zonas verdes, seis (06) proyectos de diseño paisajístico de parques y zonas verde, un (01) Proyecto de Legalización y Regularización de Barrios, un (01) proyecto de compatibilidad de uso de vivienda en suelo restringido, un (01) Patio zonal para el Sistema Integrado de Transporte Publico – SITP y un (01) intervenciones en Zonas de Manejo y Preservación Ambiental. Estos proyectos se encuentran localizados en las siguientes localidades: uno (01) Puente Aranda, dos (02) Bosa, uno (01) Ciudad Bolívar, un (01) Fontibón, un (01) Chapinero, un (01) San Cristóbal, uno (01) Kennedy, uno (01) Tunjuelito, uno (01) Suba y uno (01) Usaquén. | EI16: N/A | EJ16: N/A | EK16: La aplicación y seguimiento de determinantes ambientales en proyectos urbanos y arquitectónicos de diferentes escalas, así como a instrumentos de planeamiento urbano, promueve la construcción sostenible y el ecourbanismo en la ciudad, mediante la armonización de los proyectos urbanos y el modelo de ocupación del territorio con la Estructura ecológica Principal, garantizando mejores espacios para la habitabilidad urbana y mayor equidad e igualdad en la población capitalina. | EL16: Oficios FOREST, Actas, Archivo de Gestión SEGAE.
E17: 215 | F17: Numero de proyectos de ciudad con seguimiento de la aplicación de los determinantes ambientales | G17: Numero | H17: SUMA | I17: 400 | J17: 400 | K17: 20 | L17: 20 | M17: 0 | N17: 20 | O17: 0 | P17: 20 | Q17: 2 | W17: =+Q17 -> 2 | X17: 77 | AW17: 121 | BV17: 121 | CU17: 61 | DZ17: 0 | EA17: 0 | EB17: 2 | EF17: =EB17/P17 -> 0.1 | EG17: =EB17/J17 -> 0.005 | EH17: Durante el mes de septiembre de 2020, se verifico la incorporación de determinantes ambientales a dos (2) proyectos de infraestructura en el espacio público como son: (02) Planes Directores para Parques, correspondientes al Parque Zonal No. 14 del Plan Parcial La Felicidad y el Parque Metropolitano La Independencia y Bicentenario. Estos proyectos verificados se encuentran localizados en las siguientes localidades: uno (01) Fontibón y uno (01) Santa Fe. | EI17: N/A | EJ17: N/A | EK17: La Secretaría Distrital de Ambiente ha realizado importantes esfuerzos incorporando criterios de ecourbanismo y construcción sostenible en proyectos urbanos y arquitectónicos en la Ciudad, por lo cual es necesario realizar la verificación en la incorporación de los lineamientos y determinantes ambientales de ecourbanismo y construcción sostenible a proyectos de infraestructura que actualmente están en operación, evaluando su aporte a las políticas nacionales y distritales que rigen en esta materia y su aporte a la gestión de la crisis climática; así mismo, esta verificación permitirá conocer las dificultades por parte del sector construcción en la incorporación de estos criterios, permitiendo que desde la administración distrital genere estrategias para promover y fortalecer la construcción sostenible en la Ciudad. | EL17: Oficios FOREST, Actas, Archivo de Gestión SEGAE.
C18: 201 | D18: Reverdecer 20.000 m2 en la ciudad a través del fortalecimiento de la infraestructura vegetada | E18: 216 | F18: M2 reverdecidos en la ciudad a través del fortalecimiento de la infraestructura vegetada (techos verdes y jardines verticales con acompañamiento técnico) | G18: M2 | H18: SUMA | I18: 20000 | J18: 20000 | K18: 2500 | L18: 2500 | M18: 0 | N18: 2500 | O18: 741 | P18: 2500 | Q18: 1257 | W18: =+Q18 -> 1257 | X18: 3500 | AW18: 5500 | BV18: 5500 | CU18: 3000 | DZ18: 0 | EA18: 741 | EB18: 1257 | EF18: =EB18/P18 -> 0.5028 | EG18: =EB18/J18 -> 0.06285 | EH18: El acumulado ejecutado en el segundo semestre del 2020 corresponde al 1257 m2 de techos verdes y jardines verticales de los cuales, fue promovido en las siguientes localidades: Santa Fe (26 m2), Chapinero (1103 m2), Suba (30 m2) y Candelaria (98 m2). Durante el mes de septiembre de 2020 se ha realizado el acompañamiento técnico a 516 m2 correspondientes a jardines verticales, en proyectos existentes en espacio público y privado de la localidad de Chapinero (516 m2) de la Ciudad de Bogotá. | EI18: N/A | EJ18: N/A | EK18: El acompañamiento técnico a techos verdes y jardines verticales, promueve la conservación y mejoramiento de estas estructuras, las cuales ofrecen múltiples beneficios ambientales (Eje. Retienen el agua lluvia, mitigan el efecto isla de calor, absorben el ruido), sociales (Eje. Mejoran el paisaje urbano, aumentan el área verde de la ciudad, mejoran la calidad de vida) y económicos (Eje. Mantienen la comodidad térmica al interior de las edificaciones, evitando el uso de calefactores, valorizan el predio, permiten integrarse con sistemas de aprovechamiento de agua lluvia, ahorrando consumo de agua), para la ciudad y sus habitantes. | EL18: Matriz de reporte, archivo de gestión SEGAE.
D20: CONTROL DE CAMBIOS
D21: Versión | E21: Descripción de la Modificación | L21: No. Acto Administrativo y fecha
D22: 12 | E22: Se modifica la periodicidad de reporte y la estructura del documento se ajustó de acuerdo al plan de desarrollo vigente | L22: Radicado 2020IE152434 de septiembre 08 de 2020

Sheet INVERSIÓN
F1: DIRECCIONAMIENTO ESTRATÉGICO
F2: Formato: Programación, atualización y seguimiento del plan de acción Actualización y seguimiento al Componente de Inversión
F3: Código: PE01-PR02-F2 | DS3: Versión: 12
A4: DEPENDENCIA: | F4: SEGAE
A5: CÓDIGO Y NOMBRE PROYECTO: | F5: 7794 - Fortalecimiento de la gestión ambiental sectorial, el ecourbanismo y cambio climático en el D.C.Bogotá
A7: 1, LÍNEA DE ACCIÓN | B7: 2, META DE PROYECTO | E7: 3, COD. META PDD A QUE SE ASOCIA META PROY | F7: 4, VARIABLE REQUERIDA | G7: 5, VALOR CUATRIENIO | H7: 6, PROGRAMACIÓN - ACTUALIZACIÓN | DQ7: 7, EJECUCIÓN | EC7: 8, % CUMPLIMIENTO ACUMULADO (Vigencia) | ED7: 9 ,% DE AVANCE CUATRIENIO | EE7: 10, DESCRIPCIÓN DE LOS AVANCES Y LOGROS ALCANZADOS | EF7: 11, RETRASOS | EG7: 12, SOLUCIONES PLANTEADAS | EH7: 13, BENEFICIOS | EI7: 14, FUENTE DE EVIDENCIAS
H8: AÑO 2020 | U8: AÑO 2021 | AT8: AÑO 2022 | BS8: AÑO 2023 | CR8: AÑO 2024 | DQ8: 7,1 SEGUIMIENTO VIGENCIA ACTUAL
B9: 2,1 COD. | C9: 2,2 META | D9: 2,3 TIPOLOGÍA | H9: PROGRAMACIÓN INICIAL AÑO 2020 | I9: PROGR. ANUAL MES JUL. | J9: EJECUTADO JUL. | K9: PROGR. ANUAL MES AGO. | L9: EJECUTADO AGO. | M9: PROGR. ANUAL MES SEP. | N9: EJECUTADO SEP. | O9: PROGR. ANUAL MES OCT. | P9: EJECUTADO OCT. | Q9: PROGR. ANUAL MES NOV. | R9: EJECUTADO NOV. | S9: PROGR. ANUAL MES DIC. | T9: EJECUTADO ACUMULADO AÑO 2020 | U9: REPROGRAMACIÓN VIGENCIA | V9: PROGR. ANUAL MES ENE. | W9: EJECUTADO ENE. | X9: PROGR. ANUAL MES FEB. | Y9: EJECUTADO FEB. | Z9: PROGR. ANUAL MES MAR. | AA9: EJECUTADO MAR. | AB9: PROGR. ANUAL MES ABR. | AC9: EJECUTADO ABR. | AD9: PROGR. ANUAL MES MAY. | AE9: EJECUTADO MAY. | AF9: PROGR. ANUAL MES JUN. | AG9: EJECUTADO JUN. | AH9: PROGR. ANUAL MES JUL. | AI9: EJECUTADO JUL. | AJ9: PROGR. ANUAL MES AGO. | AK9: EJECUTADO AGO. | AL9: PROGR. ANUAL MES SEP. | AM9: EJECUTADO SEP. | AN9: PROGR. ANUAL MES OCT. | AO9: EJECUTADO OCT. | AP9: PROGR. ANUAL MES NOV. | AQ9: EJECUTADO NOV. | AR9: PROGR. ANUAL MES DIC. | AS9: EJECUTADO ACUMUALDO AÑO 2021 | AT9: REPROGRAMACIÓN VIGENCIA | AU9: PROGR. ANUAL MES ENE. | AV9: EJECUTADO ENE. | AW9: PROGR. ANUAL MES FEB. | AX9: EJECUTADO FEB. | AY9: PROGR. ANUAL MES MAR. | AZ9: EJECUTADO MAR. | BA9: PROGR. ANUAL MES ABR. | BB9: EJECUTADO ABR. | BC9: PROGR. ANUAL MES MAY. | BD9: EJECUTADO MAY. | BE9: PROGR. ANUAL MES JUN. | BF9: EJECUTADO JUN. | BG9: PROGR. ANUAL MES JUL. | BH9: EJECUTADO JUL. | BI9: PROGR. ANUAL MES AGO. | BJ9: EJECUTADO AGO. | BK9: PROGR. ANUAL MES SEP. | BL9: EJECUTADO SEP. | BM9: PROGR. ANUAL MES OCT. | BN9: EJECUTADO OCT. | BO9: PROGR. ANUAL MES NOV. | BP9: EJECUTADO NOV. | BQ9: PROGR. ANUAL MES DIC. | BR9: EJECUTADO ACUMUALDO AÑO 2022 | BS9: REPROGRAMACIÓN VIGENCIA | BT9: PROGR. ANUAL MES ENE. | BU9: EJECUTADO ENE. | BV9: PROGR. ANUAL MES FEB. | BW9: EJECUTADO FEB. | BX9: PROGR. ANUAL MES MAR. | BY9: EJECUTADO MAR. | BZ9: PROGR. ANUAL MES ABR. | CA9: EJECUTADO ABR. | CB9: PROGR. ANUAL MES MAY. | CC9: EJECUTADO MAY. | CD9: PROGR. ANUAL MES JUN. | CE9: EJECUTADO JUN. | CF9: PROGR. ANUAL MES JUL. | CG9: EJECUTADO JUL. | CH9: PROGR. ANUAL MES AGO. | CI9: EJECUTADO AGO. | CJ9: PROGR. ANUAL MES SEP. | CK9: EJECUTADO SEP. | CL9: PROGR. ANUAL MES OCT. | CM9: EJECUTADO OCT. | CN9: PROGR. ANUAL MES NOV. | CO9: EJECUTADO NOV. | CP9: PROGR. ANUAL MES DIC. | CQ9: EJECUTADO ACUMUALDO AÑO 2023 | CR9: REPROGRAMACIÓN VIGENCIA | CS9: PROGR. ANUAL MES ENE. | CT9: EJECUTADO ENE. | CU9: PROGR. ANUAL MES FEB. | CV9: EJECUTADO FEB. | CW9: PROGR. ANUAL MES MAR. | CX9: EJECUTADO MAR. | CY9: PROGR. ANUAL MES ABR. | CZ9: EJECUTADO ABR. | DA9: PROGR. ANUAL MES MAY. | DB9: EJECUTADO MAY. | DC9: PROGR. ANUAL MES JUN. | DD9: EJECUTADO JUN. | DE9: PROGR. ANUAL MES JUL. | DF9: EJECUTADO JUL. | DG9: PROGR. ANUAL MES AGO. | DH9: EJECUTADO AGO. | DI9: PROGR. ANUAL MES SEP. | DJ9: EJECUTADO SEP. | DK9: PROGR. ANUAL MES OCT. | DL9: EJECUTADO OCT. | DM9: PROGR. ANUAL MES NOV. | DN9: EJECUTADO NOV. | DO9: PROGR. ANUAL MES DIC. | DP9: EJECUTADO ACUMUALDO AÑO 2024 | DQ9: ENE. | DR9: FEB. | DS9: MAR. | DT9: ABR. | DU9: MAY. | DV9: JUN. | DW9: JUL. | DX9: AGO. | DY9: SEP. | DZ9: OCT. | EA9: NOV. | EB9: DIC
A10: Ecourbanismo y construcción sostenible | B10: 1 | C10: Realizar a 600 proyectos de infraestructura, la gestión para la aplicación de determinantes ambientales. | D10: SUMA | E10: 200 | F10: MAGNITUD FÍSICA | G10: =+H10+U10+AT10+BS10+CR10 -> 600 | H10: 66 | I10: 66 | J10: 11 | K10: 66 | L10: 22 | M10: 66 | N10: 33 | T10: =+N10 -> 33 | U10: 109 | AT10: 172 | BS10: 172 | CR10: 81 | DW10: 11 | DX10: 22 | DY10: 33 | EC10: =DY10/M10 -> 0.5 | ED10: =DY10/G10 -> 0.055 | EE10: Durante el mes de septiembre de 2020, se incorporó criterios de sostenibilidad ambiental a once (11) proyectos de diferentes escalas, tanto en espacio público como en privado, promoviendo la construcción sostenible y el ecourbanismo en la ciudad para un total acumulado en la vigencia de 33 proyectos. Los proyectos a los cuales se les incorporo criterios de sostenibilidad corresponden a: Un (01) Plan Director para Parques y zonas verdes, seis (06) proyectos de diseño paisajístico de parques y zonas verde, un (01) Proyecto de Legalización y Regularización de Barrios, un (01) proyecto de compatibilidad de uso de vivienda en suelo restringido, un (01) Patio zonal para el Sistema Integrado de Transporte Publico – SITP y un (01) intervenciones en Zonas de Manejo y Preservación Ambiental. Estos proyectos se encuentran localizados en las siguientes localidades: uno (01) Puente Aranda, dos (02) Bosa, uno (01) Ciudad Bolívar, un (01) Fontibón, un (01) Chapinero, un (01) San Cristóbal, uno (01) Kennedy, uno (01) Tunjuelito, uno (01) Suba y uno (01) Usaquén. | EF10: N/A | EG10: N/A | EH10: La aplicación de determinantes ambientales en proyectos urbanos y arquitectónicos de diferentes escalas, así como a instrumentos de planeamiento urbano, promueve la construcción sostenible y el ecourbanismo en la ciudad, mediante la armonización de los proyectos urbanos y el modelo de ocupación del territorio con la Estructura ecológica Principal, garantizando mejores espacios para la habitabilidad urbana y mayor equidad e igualdad en la población capitalina. | EI10: Oficios FOREST, Actas, Archivo de Gestión SEGAE.
F11: PRESUPUESTO VIGENCIA | G11: =M11+AT11+BS11+CR11+U11 -> 3206885000 | H11: 370304000 | I11: 370304000 | J11: 140580000 | K11: 361860000 | L11: 262457000 | M11: 361860000 | N11: 262457000 | T11: =+N11 -> 262457000 | U11: 574654000 | AT11: 899669000 | BS11: 931699000 | CR11: 439003000 | DW11: 140580000 | DX11: =+L11 -> 262457000 | DY11: 262457000 | EC11: =DY11/M11 -> 0.72529984 | ED11: =DY11/G11 -> 0.081841725
F12: MAGNITUD FÍSICA RESERVAS | T12: =+N12 -> 0 | EC12: =DY12/M12 -> #DIV/0! | ED12: =DY12/G12 -> #DIV/0!
F13: RESERVA PRESUPUESTAL | T13: =+N13 -> 0 | EC13: =DY13/M13 -> #DIV/0! | ED13: =DY13/G13 -> #DIV/0!
F14: TOTAL MAGNITUD FÍSICA | G14: =+G10+G12 -> 600 | H14: =+H10 -> 66 | I14: =+I10 -> 66 | J14: =+J10 -> 11 | K14: 66 | L14: =+L10 -> 22 | M14: 66 | N14: =+N10 -> 33 | T14: =+N14 -> 33 | U14: =+U10 -> 109 | AT14: =+AT10 -> 172 | BS14: =+BS10 -> 172 | CR14: =+CR10 -> 81 | DW14: =+DW10 -> 11 | DX14: =+DX10 -> 22 | DY14: =+DY10 -> 33 | EC14: =DY14/M14 -> 0.5 | ED14: =DY14/G14 -> 0.055
F15: TOTAL PRESUPUESTO DE LA META | G15: =+G11+G13 -> 3206885000 | H15: =+H11 -> 370304000 | I15: =+I11 -> 370304000 | J15: =+J11 -> 140580000 | K15: 361860000 | L15: =+L11 -> 262457000 | M15: 361860000 | N15: =+N11 -> 262457000 | T15: =+N15 -> 262457000 | U15: =+U11 -> 574654000 | AT15: =+AT11 -> 899669000 | BS15: =+BS11 -> 931699000 | CR15: =+CR11 -> 439003000 | DW15: =+DW11 -> 140580000 | DX15: =+DX11 -> 262457000 | DY15: =+DY11 -> 262457000 | EC15: =DY15/M15 -> 0.72529984 | ED15: =DY15/G15 -> 0.081841725
B16: 2 | C16: Realizar a 400 proyectos de infraestructura en etapa de operación, el seguimiento a la incorporación de determinantes ambientales. | D16: SUMA | E16: 200 | F16: MAGNITUD FÍSICA | G16: =+H16+U16+AT16+BS16+CR16 -> 400 | H16: 20 | I16: =+H16 -> 20 | J16: 0 | K16: 20 | L16: 0 | M16: 20 | N16: 2 | T16: =+N16 -> 2 | U16: 77 | AT16: 121 | BS16: 121 | CR16: 61 | DW16: 0 | DX16: 0 | DY16: 2 | EC16: =DY16/M16 -> 0.1 | ED16: =DY16/G16 -> 0.005 | EE16: Durante el mes de septiembre de 2020, se verifico la incorporación de determinantes ambientales a dos (2) proyectos de infraestructura en el espacio público como son: (02) Planes Directores para Parques, correspondientes al Parque Zonal No. 14 del Plan Parcial La Felicidad y el Parque Metropolitano La Independencia y Bicentenario. Estos proyectos verificados se encuentran localizados en las siguientes localidades: uno (01) Fontibón y uno (01) Santa Fé. | EF16: N/A | EG16: N/A | EH16: La Secretaría Distrital de Ambiente ha realizado importantes esfuerzos incorporando criterios de ecourbanismo y construcción sostenible en proyectos urbanos y arquitectónicos en la Ciudad, por lo cual es necesario realizar la verificación en la incorporación de los lineamientos y determinantes ambientales de ecourbanismo y construcción sostenible a proyectos de infraestructura que actualmente están en operación, evaluando su aporte a las políticas nacionales y distritales que rigen en esta materia y su aporte a la gestión de la crisis climática; así mismo, esta verificación permitirá conocer las dificultades por parte del sector construcción en la incorporación de estos criterios, permitiendo que desde la administración distrital genere estrategias para promover y fortalecer la construcción sostenible en la Ciudad. | EI16: Archivo de Gestión SEGAE.
F17: PRESUPUESTO VIGENCIA | G17: =M17+AT17+BS17+CR17+U17 -> 1168584000 | H17: 151328000 | I17: 151328000 | J17: 0 | K17: 142884000 | L17: 71774000 | M17: 142884000 | N17: 71774000 | T17: =+N17 -> 71774000 | U17: 198130000 | AT17: 322922000 | BS17: 333054000 | CR17: 171594000 | DW17: 0 | DX17: =+T17 -> 71774000 | DY17: 71774000 | EC17: =DY17/M17 -> 0.50232356 | ED17: =DY17/G17 -> 0.061419633
F18: MAGNITUD FÍSICA RESERVAS | T18: =+N18 -> 0 | EC18: =DY18/M18 -> #DIV/0! | ED18: =DY18/G18 -> #DIV/0!
F19: RESERVA PRESUPUESTAL | T19: =+N19 -> 0 | EC19: =DY19/M19 -> #DIV/0! | ED19: =DY19/G19 -> #DIV/0!
F20: TOTAL MAGNITUD FÍSICA | G20: =+G16 -> 400 | H20: =+H16 -> 20 | I20: =+I16 -> 20 | J20: =+J16 -> 0 | K20: 20 | L20: =+L16 -> 0 | M20: 20 | N20: =+N16 -> 2 | T20: =+N20 -> 2 | U20: =+U16 -> 77 | AT20: =+AT16 -> 121 | BS20: =+BS16 -> 121 | CR20: =+CR16 -> 61 | DW20: =+DW16 -> 0 | DX20: =+DX16 -> 0 | DY20: =+DY16 -> 2 | EC20: =DY20/M20 -> 0.1 | ED20: =DY20/G20 -> 0.005
F21: TOTAL PRESUPUESTO DE LA META | G21: =+G17 -> 1168584000 | H21: =+H17 -> 151328000 | I21: =+I17 -> 151328000 | J21: =+J17 -> 0 | K21: 142884000 | L21: =+L17 -> 71774000 | M21: 142884000 | N21: =+N17 -> 71774000 | T21: =+N21 -> 71774000 | U21: =+U17 -> 198130000 | AT21: =+AT17 -> 322922000 | BS21: =+BS17 -> 333054000 | CR21: =+CR17 -> 171594000 | DW21: =+DW17 -> 0 | DX21: =+DX17 -> 71774000 | DY21: =+DY17 -> 71774000 | EC21: =DY21/M21 -> 0.50232356 | ED21: =DY21/G21 -> 0.061419633
B22: 3 | C22: Realizar a 20000 m2 de techos verdes y jardines verticales, el acompañamiento técnico | D22: SUMA | E22: 201 | F22: MAGNITUD FÍSICA | G22: =+H22+U22+AT22+BS22+CR22 -> 20000 | H22: 2500 | I22: 2500 | J22: 0 | K22: 2500 | L22: 741 | M22: 2500 | N22: 1257 | T22: =+N22 -> 1257 | U22: 3500 | AT22: 5500 | BS22: 5500 | CR22: 3000 | DW22: 0 | DX22: 741 | DY22: 1257 | EC22: =DY22/M22 -> 0.5028 | ED22: =DY22/G22 -> 0.06285 | EE22: El acumulado ejecutado en el segundo semestre del 2020 corresponde al 1257 m2 de techos verdes y jardines verticales de los cuales, fue promovido en las siguientes localidades: Santa Fe (26 m2), Chapinero (1103 m2), Suba (30 m2) y Candelaria (98 m2). Durante el mes de septiembre de 2020 se ha realizado el acompañamiento técnico a 516 m2 correspondientes a jardines verticales, en proyectos existentes en espacio público y privado de la localidad de Chapinero (516 m2) de la Ciudad de Bogotá. | EF22: N/A | EG22: N/A | EH22: El acompañamiento técnico a techos verdes y jardines verticales, promueve la conservacion y mejoramiento de estas estructuras, las cuales ofrecen múltiples beneficios ambientales (Eje. Retienen el agua lluvia, mitigan el efecto isla de calor, absorben el ruido), sociales (Eje. Mejoran el paisaje urbano, aumentan el área verde de la ciudad, mejoran la calidad de vida) y económicos (Eje. Mantienen la comodidad térmica al interior de las edificaciones, evitando el uso de calefactores, valorizan el predio, permiten integrarse con sistemas de aprovechamiento de agua lluvia, ahorrando consumo de agua), para la ciudad y sus habitantes. | EI22: Archivo de Gestión SEGAE.
F23: PRESUPUESTO VIGENCIA | G23: =M23+AT23+BS23+CR23+U23 -> 481567000 | H23: 24546000 | I23: 24546000 | J23: 0 | K23: 24546000 | L23: 10624000 | M23: 24546000 | N23: 10624000 | T23: =+N23 -> 10624000 | U23: 34285000 | AT23: 195229000 | BS23: 197382000 | CR23: 30125000 | DW23: 0 | DX23: 10624000 | DY23: 10624000 | EC23: =DY23/M23 -> 0.43282001 | ED23: =DY23/G23 -> 0.022061312
F24: MAGNITUD FÍSICA RESERVAS | T24: =+N24 -> 0 | EC24: =DY24/M24 -> #DIV/0! | ED24: =DY24/G24 -> #DIV/0!
F25: RESERVA PRESUPUESTAL | T25: =+N25 -> 0 | EC25: =DY25/M25 -> #DIV/0! | ED25: =DY25/G25 -> #DIV/0!
F26: TOTAL MAGNITUD FÍSICA | G26: =+G22 -> 20000 | H26: =+H22 -> 2500 | I26: =+I22 -> 2500 | J26: =+J22 -> 0 | K26: 2500 | L26: =+L22 -> 741 | M26: 2500 | N26: =+N22 -> 1257 | T26: =+N26 -> 1257 | U26: =+U22 -> 3500 | AT26: =+AT22 -> 5500 | BS26: =+BS22 -> 5500 | CR26: =+CR22 -> 3000 | DW26: =+DW22 -> 0 | DX26: =+DX22 -> 741 | DY26: =+DY22 -> 1257 | EC26: =DY26/M26 -> 0.5028 | ED26: =DY26/G26 -> 0.06285
F27: TOTAL PRESUPUESTO DE LA META | G27: =+G23 -> 481567000 | H27: =+H23 -> 24546000 | I27: =+I23 -> 24546000 | J27: =+J23 -> 0 | K27: 24546000 | L27: =+L23 -> 10624000 | M27: 24546000 | N27: =+N23 -> 10624000 | T27: =+N27 -> 10624000 | U27: =+U23 -> 34285000 | AT27: =+AT23 -> 195229000 | BS27: =+BS23 -> 197382000 | CR27: =+CR23 -> 30125000 | DW27: =+DW23 -> 0 | DX27: =+DX23 -> 10624000 | DY27: =+DY23 -> 10624000 | EC27: =DY27/M27 -> 0.43282001 | ED27: =DY27/G27 -> 0.022061312
A28: Gestión Ambiental Empresarial | B28: 4 | C28: Diseñar y hacer seguimiento a 1 estrategia de crecimiento verde con enfoque de sostenibilidad, economía circular e innovación | D28: CRECIENTE | E28: 199 | F28: MAGNITUD FÍSICA | G28: 1 | H28: 0.05 | I28: =+H28 -> 0.05 | J28: 0 | K28: 0.05 | L28: 0.01 | M28: 0.05 | N28: 0.02 | T28: =+N28 -> 0.02 | U28: 0.2 | AT28: 0.65 | BS28: 0.95 | CR28: 1 | DW28: 0 | DX28: 0.01 | DY28: 0.02 | EC28: =DY28/M28 -> 0.4 | ED28: =DY28/G28 -> 0.02 | EE28: Durante el mes de septiembre, se realizó la conceptualización estructural de la estrategia de manera gráfica presentada en formato ppt, este producto fue nutrido con la información secundaria trabajada en el mes anterior y fuentes consolidadas propias, incorporando a su vez las ideas consolidadas del equipo de gestión Ambiental Empresarial encabezado por el subdirector. Por otra parte, se inició la elaboración del documento que contendrá la estrategia Distrital de Crecimiento Verde, en esta etapa se concertó una primera versión de la que se proyecta será la tabla de contenido y se incluyo información correspondiente al primer capítulo "Antecendes del Crecimiento Verde" que se encuetra en proceso de revisión. Por otra parte, con base en la contextualización de la estrategia realizada, se continuo con la articulación externas de la SDA, como la Secretaría Distrital de Desarrollo Económico de quien se recibieron aportes y se establecieron agendas de trabajo conjunto en acciones desarrolladas para trabajar la estrategia como soporte a los programas que se encuentra estructurando la mencionada entidad para desarrollar con el sector empresarial de Bogotá. Así mismo, con el acercamiento a líneas de crédito nacionales como Innova Colombia. | EF28: N/A | EG28: N/A | EH28: La implementación de una Estrategia Distrital de Crecimiento Verde permitirá realizar acciones que incentiven la competitividad en el sector empresarial con la sostenibilidad en el uso de los recursos, menor generación en impactos ambientales y con la promoción de nuevas oportunidades de negocios basados en el aprovechamiento sostenible del capital natural. | EI28: Archivo de gestión SEGAE.
F29: PRESUPUESTO VIGENCIA | G29: =M29+AT29+BS29+CR29+U29 -> 388299000 | H29: 90000000 | I29: =+H29 -> 90000000 | J29: 0 | K29: 90000000 | L29: 69812000 | M29: 90000000 | N29: 69812000 | T29: =+N29 -> 69812000 | U29: 68299000 | AT29: 100000000 | BS29: 100000000 | CR29: 30000000 | DW29: 0 | DX29: 69812000 | DY29: 69812000 | EC29: =DY29/M29 -> 0.77568889 | ED29: =DY29/G29 -> 0.17978929 | EI29: Archivo de gestión SEGAE.
F30: MAGNITUD FÍSICA RESERVAS | T30: =+N30 -> 0 | EC30: =DY30/M30 -> #DIV/0! | ED30: =DY30/G30 -> #DIV/0! | EI30: Archivo de gestión SEGAE.
F31: RESERVA PRESUPUESTAL | T31: =+N31 -> 0 | EC31: =DY31/M31 -> #DIV/0! | ED31: =DY31/G31 -> #DIV/0! | EI31: Archivo de gestión SEGAE.
F32: TOTAL MAGNITUD FÍSICA | G32: =+G28 -> 1 | H32: 0.05 | I32: =+H32 -> 0.05 | J32: =+J28 -> 0 | K32: 0.05 | L32: =+L28 -> 0.01 | M32: 0.05 | N32: 0.01 | T32: =+N32 -> 0.01 | U32: =+U28 -> 0.2 | AT32: =+AT28 -> 0.65 | BS32: =+BS28 -> 0.95 | CR32: =+CR28 -> 1 | DW32: =+DW28 -> 0 | DX32: =+DX28 -> 0.01 | DY32: 0.01 | EC32: =DY32/M32 -> 0.2 | ED32: =DY32/G32 -> 0.01 | EI32: Archivo de gestión SEGAE.
F33: TOTAL PRESUPUESTO DE LA META | G33: =+G29 -> 388299000 | H33: =+H29 -> 90000000 | I33: =+I29 -> 90000000 | J33: =+J29 -> 0 | K33: 90000000 | L33: =+L29 -> 69812000 | M33: 90000000 | N33: =+N29 -> 69812000 | T33: =+N33 -> 69812000 | U33: =+U29 -> 68299000 | AT33: =+AT29 -> 100000000 | BS33: =+BS29 -> 100000000 | CR33: =+CR29 -> 30000000 | DW33: =+DW29 -> 0 | DX33: =+DX29 -> 69812000 | DY33: =+DY29 -> 69812000 | EC33: =DY33/M33 -> 0.77568889 | ED33: =DY33/G33 -> 0.17978929 | EI33: Archivo de gestión SEGAE.
B34: 5 | C34: Asistir a 800 proyectos participantes de programas voluntarios ofrecidos por la SEGAE, para el mejoramiento del desempeño ambiental. | D34: SUMA | E34: 199 | F34: MAGNITUD FÍSICA | G34: =+H34+U34+AT34+BS34+CR34 -> 800 | H34: 50 | I34: =+H34 -> 50 | J34: 0 | K34: 50 | L34: 5 | M34: 50 | N34: 10 | T34: =+N34 -> 10 | U34: 160 | AT34: 240 | BS34: 240 | CR34: 110 | DW34: 0 | DX34: 5 | DY34: 10 | EC34: =DY34/M34 -> 0.2 | ED34: =DY34/G34 -> 0.0125 | EE34: Durante el mes objeto del presente informe, se reportan 10 proyectos de uso eficiente de recursos presentados por las siguientes empresas: AUTOMOTORES SAN JORGE S.A., PAVIMENTOS COLOMBIA S.A.S., PROLACTEOS JR S.A.S., LINCOLN SOLDADURAS DE COLOMBIA LTDA., JA BELTRAN RECICLAJE ECOLOGICO AMBIENTAL S EN C., DHL GLOBAL FORWARDING DEPOSITO ADUANERO COLOMBIA SA, COLTANQUES S.A.S., MINISTERIO DE MINAS Y ENERGIA, PRODUCTORA DE CABLES PROCABLES S.A.S. y PIARO IMPRESORES SAS. | EF34: N/A | EG34: N/A | EH34: El logro del mejoramiento ambiental de las organizaciones a partir de estrategias de prevención, que permitan minimizar el impacto ambiental generado en la ciudad. | EI34: Archivo de gestión SEGAE.
F35: PRESUPUESTO VIGENCIA | G35: =M35+AT35+BS35+CR35+U35 -> 3662465490 | H35: 668935490 | I35: 668935490 | J35: 328110000 | K35: 641192490 | L35: 519353000 | M35: 641192490 | N35: 532019000 | T35: =+N35 -> 532019000 | U35: 699388000 | AT35: 955000000 | BS35: 955000000 | CR35: 411885000 | DW35: 328110000 | DX35: 519353000 | DY35: 532019000 | EC35: =DY35/M35 -> 0.82973367 | ED35: =DY35/G35 -> 0.14526253
F36: MAGNITUD FÍSICA RESERVAS | T36: =+N36 -> 0 | EC36: =DY36/M36 -> #DIV/0! | ED36: =DY36/G36 -> #DIV/0!
F37: RESERVA PRESUPUESTAL | T37: =+N37 -> 0 | EC37: =DY37/M37 -> #DIV/0! | ED37: =DY37/G37 -> #DIV/0!
F38: TOTAL MAGNITUD FÍSICA | G38: =+G34 -> 800 | H38: =+H34 -> 50 | I38: =+I34 -> 50 | J38: =+J34 -> 0 | K38: 50 | L38: =+L34 -> 5 | M38: 50 | N38: 10 | T38: =+N38 -> 10 | U38: =+U34 -> 160 | AT38: =+AT34 -> 240 | BS38: =+BS34 -> 240 | CR38: =+CR34 -> 110 | DW38: =+DW34 -> 0 | DX38: =+DX34 -> 5 | DY38: 10 | EC38: =DY38/M38 -> 0.2 | ED38: =DY38/G38 -> 0.0125
F39: TOTAL PRESUPUESTO DE LA META | G39: =+G35 -> 3662465490 | H39: =+H35 -> 668935490 | I39: =+I35 -> 668935490 | J39: =+J35 -> 328110000 | K39: 641192490 | L39: =+L35 -> 519353000 | M39: 641192490 | N39: =+N35 -> 532019000 | T39: =+N39 -> 532019000 | U39: =+U35 -> 699388000 | AT39: =+AT35 -> 955000000 | BS39: =+BS35 -> 955000000 | CR39: =+CR35 -> 411885000 | DW39: =+DW35 -> 328110000 | DX39: =+DX35 -> 519353000 | DY39: =+DY35 -> 532019000 | EC39: =DY39/M39 -> 0.82973367 | ED39: =DY39/G39 -> 0.14526253
B40: 6 | C40: Acompañar y promover a 100 empresas en el proceso de verificación de los criterios de Negocios verdes. | D40: SUMA | E40: 199 | F40: MAGNITUD FÍSICA | G40: =+H40+U40+AT40+BS40+CR40 -> 100 | H40: 10 | I40: =+H40 -> 10 | J40: 2 | K40: 10 | L40: 4 | M40: 10 | N40: 6 | T40: =+N40 -> 6 | U40: 20 | AT40: 27 | BS40: 27 | CR40: 16 | DW40: 2 | DX40: 4 | DY40: 6 | EC40: =DY40/M40 -> 0.6 | ED40: =DY40/G40 -> 0.06 | EE40: Durante el mes de septiembre se reconoce a dos (2) negocios verdes, los cuales obtienen un puntaje en promedio de 65% en los criterios evaluados, generando un acumulado de seis (6) negocios verdes. Adicionalmente, se realizó un proceso de acompañamiento basado en la participación de una convocatoria realizada por Innpulsa Colombia para para fortalecer los negocios verdes que se encuentran en el marco de los sectores económicos de industrias creativas y se generó el Plan Distrital de Negocios Verdes para su aprobación. | EF40: N/A | EG40: N/A | EH40: Permite promover el fortalecimiento de actividades económicas que ofrecen bienes o servicios que generan impactos ambientales positivos y que, además, incorpora buenas prácticas ambientales, sociales, económicas, con enfoque de ciclo de vida, contribuyendo al consumo sostenible y a la conservación del ambiente como capital natural que soporta el desarrollo de la región y la estrategia de crecimiento verde. | EI40: Listado de negocios verdes.
F41: PRESUPUESTO VIGENCIA | G41: =M41+AT41+BS41+CR41+U41 -> 1897794000 | H41: 120000000 | I41: =+H41 -> 120000000 | J41: 0 | K41: 104955000 | L41: 90696000 | M41: 104955000 | N41: 90696000 | T41: =+N41 -> 90696000 | U41: 349839000 | AT41: 565000000 | BS41: 565000000 | CR41: 313000000 | DW41: 0 | DX41: 90696000 | DY41: 90696000 | EC41: =DY41/M41 -> 0.86414178 | ED41: =DY41/G41 -> 0.047790224
F42: MAGNITUD FÍSICA RESERVAS | T42: =+N42 -> 0 | EC42: =DY42/M42 -> #DIV/0! | ED42: =DY42/G42 -> #DIV/0!
F43: RESERVA PRESUPUESTAL | T43: =+N43 -> 0 | EC43: =DY43/M43 -> #DIV/0! | ED43: =DY43/G43 -> #DIV/0!
F44: TOTAL MAGNITUD FÍSICA | G44: =+G40 -> 100 | H44: =+H40 -> 10 | I44: =+I40 -> 10 | J44: =+J40 -> 2 | K44: 10 | L44: =+L40 -> 4 | M44: 10 | N44: 6 | T44: =+N44 -> 6 | U44: =+U40 -> 20 | AT44: =+AT40 -> 27 | BS44: =+BS40 -> 27 | CR44: =+CR40 -> 16 | DW44: =+DW40 -> 2 | DX44: =+DX40 -> 4 | DY44: 6 | EC44: =DY44/M44 -> 0.6 | ED44: =DY44/G44 -> 0.06
F45: TOTAL PRESUPUESTO DE LA META | G45: =+G41 -> 1897794000 | H45: =+H41 -> 120000000 | I45: =+I41 -> 120000000 | J45: =+J41 -> 0 | K45: 104955000 | L45: =+L41 -> 90696000 | M45: 104955000 | N45: =+N41 -> 90696000 | T45: =+N45 -> 90696000 | U45: =+U41 -> 349839000 | AT45: =+AT41 -> 565000000 | BS45: =+BS41 -> 565000000 | CR45: =+CR41 -> 313000000 | DW45: =+DW41 -> 0 | DX45: =+DX41 -> 90696000 | DY45: =+DY41 -> 90696000 | EC45: =DY45/M45 -> 0.86414178 | ED45: =DY45/G45 -> 0.047790224
B46: 7 | C46: Desarrollar 6 proyectos pilotos de economía circular en sectores productivos priorizados | D46: SUMA | E46: 199 | F46: MAGNITUD FÍSICA | G46: =+H46+U46+AT46+BS46+CR46 -> 6 | H46: 0.5 | I46: =+H46 -> 0.5 | J46: 0.05 | K46: 0.5 | L46: 0.1 | M46: 0.5 | N46: 0.15 | T46: =+N46 -> 0.15 | U46: 0.6 | AT46: 2.2 | BS46: 2.2 | CR46: 0.5 | DW46: 0.05 | DX46: 0.1 | DY46: 0.15 | EC46: =DY46/M46 -> 0.3 | ED46: =DY46/G46 -> 0.025 | EE46: Se ha realizado el proceso de identificación de las empresas interesadas en la estrategia de economía circular, acompañado de mesas de trabajo que permitan avanzar en la formulación de proyectos grupales, y a partir de éste se recibieron 57 proyectos en diferentes temáticas asociadas a reincorporar materiales, simbiosis industrial y extender la vida útil de residuos. Adicionalmente, se generó un documento con la priorización de sectores económicos asociados a dichos proyectos, cuyo fin permitirá seleccionar el primer sector a desarrollar bajo un enfoque de economía circular. | EF46: N/A | EG46: N/A | EH46: Avanza en la transición de una economía lineal hacía una economía circular en sectores económicos priorizados, a través de la reincorporación y valorización de materiales y residuos, así como en la incorporación de energías renovables y el uso eficiente de la energía eléctrica. | EI46: Informes de avance
F47: PRESUPUESTO VIGENCIA | G47: =M47+AT47+BS47+CR47+U47 -> 2453179000 | H47: 220180000 | I47: =+H47 -> 220180000 | J47: 0 | K47: 220180000 | L47: 162068000 | M47: 220180000 | N47: 162068000 | T47: =+N47 -> 162068000 | U47: 482999000 | AT47: 750000000 | BS47: 750000000 | CR47: 250000000 | DW47: 0 | DX47: 162068000 | DY47: 162068000 | EC47: =DY47/M47 -> 0.73607049 | ED47: =DY47/G47 -> 0.066064482
F48: MAGNITUD FÍSICA RESERVAS | T48: =+N48 -> 0 | EC48: =DY48/M48 -> #DIV/0! | ED48: =DY48/G48 -> #DIV/0!
F49: RESERVA PRESUPUESTAL | T49: =+N49 -> 0 | EC49: =DY49/M49 -> #DIV/0! | ED49: =DY49/G49 -> #DIV/0!
F50: TOTAL MAGNITUD FÍSICA | G50: =+G46 -> 6 | H50: =+H46 -> 0.5 | I50: =+I46 -> 0.5 | J50: =+J46 -> 0.05 | K50: 0.5 | L50: =+L46 -> 0.1 | M50: 0.5 | N50: =+N46 -> 0.15 | T50: =+N50 -> 0.15 | U50: =+U46 -> 0.6 | AT50: =+AT46 -> 2.2 | BS50: =+BS46 -> 2.2 | CR50: =+CR46 -> 0.5 | DW50: =+DW46 -> 0.05 | DX50: =+DX46 -> 0.1 | DY50: =+DY46 -> 0.15 | EC50: =DY50/M50 -> 0.3 | ED50: =DY50/G50 -> 0.025
F51: TOTAL PRESUPUESTO DE LA META | G51: =+G47 -> 2453179000 | H51: =+H47 -> 220180000 | I51: =+I47 -> 220180000 | J51: =+J47 -> 0 | K51: 220180000 | L51: =+L47 -> 162068000 | M51: 220180000 | N51: =+N47 -> 162068000 | T51: =+N51 -> 162068000 | U51: =+U47 -> 482999000 | AT51: =+AT47 -> 750000000 | BS51: =+BS47 -> 750000000 | CR51: =+CR47 -> 250000000 | DW51: =+DW47 -> 0 | DX51: =+DX47 -> 162068000 | DY51: =+DY47 -> 162068000 | EC51: =DY51/M51 -> 0.73607049 | ED51: =DY51/G51 -> 0.066064482
B52: 8 | C52: Desarrollar 9 proyectos de producción más limpia en los sectores priorizados | D52: SUMA | E52: 199 | F52: MAGNITUD FÍSICA | G52: =+H52+U52+AT52+BS52+CR52 -> 9 | H52: 0.5 | I52: =+H52 -> 0.5 | J52: 0 | K52: 0.5 | L52: 0 | M52: 0.5 | N52: 0 | T52: =+N52 -> 0 | U52: 1.4 | AT52: 3.3 | BS52: 3.3 | CR52: 0.5 | DW52: 0 | DX52: 0 | DY52: 0 | EC52: =DY52/M52 -> 0 | ED52: =DY52/G52 -> 0 | EE52: Durante el mes de septiembre se avanzó en la fase de aprestamiento y planeación para el desarrollo de los proyectos de producción más limpia para los sectores priorizados en el POMCA. Los sectores priorizados son el sector de galvanoplastia, minería y curtiembres. Específicamente para el presente año se iniciará con la formulación del primer proyecto a realizar con el sector de curtiembres y con este fin se han realizado las siguientes gestiones: Se avanzó en el proceso de caracterización de las 68 empresas que entregaron informe de resultados de sus vertimientos realizado en el año 2019 a la Empresa de Acueducto y Alcantarillado, dado que serán las empresas priorizadas para el desarrollo de proyectos de producción más limpia. De tal manera, se ha realizado la revisión ante conceptos técnicos e informes radicados ante el EAAB, asociando la descripción de los procesos industriales y unidades de tratamiento, así como, los resultados obtenidos por cada uno de los parámetros caracterizados. Esta información será corroborada posteriormente con información remitida por la Secretaría Distrital de Salud de las visitas de vigilancia y seguridad ambiental, y, frente a autodiagnósticos que permitan caracterizar la información consolidada de manera inicial. Por otro lado, se realizó reuniones con el Ministerio de Comercio, Industria y Turismo, la Secretaría Distrital de Desarrollo Económico, ASOPIESB y la Universidad de los Andes (actores de interés), con el fin de fortalecer la formulación del proyecto asociado al fortalecimiento de la cadena de valor del sector curtidor, estableciendo el árbol de problema del proyecto a través de la metodología marco lógico, relación de posibles actividades que conllevarían a la solución del problema, sus respectivas causas y consecuencias. Así mismo, se estableció un plan de trabajo técnico preliminar con la Universidad de los Andes definiendo objetivo general, específico, y, actividades que podrán ser ejecutadas con respecto a la problemática identificada por los diferentes actores. Paralelamente, para el sector galvanoplastia se realizó un webinar con el apoyo de la Alcaldía Local de Puente Aranda, Alcaldía Local de Fontibón, Secretaría Distrital de Ambiente, y, la Secretaria Distrital de Salud, con el fin de dar a conocer la oferta institucional por parte de la SDA con el fin de articular empresas del sector de galvanoplastia a las diferentes líneas de trabajo que vienen ejecutándose desde la SDA. Para el sector de minería se llevó a cabo la contratación de un geólogo que permita fortalecer los aspectos técnicos a abordar con el sector, y, se realizó mesas de trabajo con empresas en el PMI de Tunjuelito y PMI de USME para conocer el desarrollo de necesidades de cada una de las empresas y fortaleciendo de esta manera el diagnóstico sectorial | EF52: N/A | EG52: N/A | EH52: El principal beneficio asociado al desarrollo de 9 proyectos de producción más limpia en los sectores priorizados se encuentra relacionado con el apoyo a la ordenación de la cuenca del Río Bogotá con el ánimo de solucionar su estado de contaminación. Es así como, a partir de la aprobación del ajuste y actualización del Plan de Ordenación y Manejo de la Cuenca Hidrográfica del río Bogotá - POMCA, se busca la implementación de proyectos de producción mas limpia a través de la optimización y desarrollo de buenas prácticas ambientales de los procesos industriales en Pymes de metalurgía y curtiembres en Bogotá, al igual que, el apoyo técnico y seguimiento socioambiental de las actividades minero industriales; lo que a su vez contribuye con la descontaminación del río Bogotá. | EI52: Archivos de gestión SEGAE
F53: PRESUPUESTO VIGENCIA | G53: =M53+AT53+BS53+CR53+U53 -> 1414122000 | H53: 159600000 | I53: 159600000 | J53: 0 | K53: 152972000 | L53: 101484000 | M53: 152972000 | N53: 116067000 | T53: =+N53 -> 116067000 | U53: 250350000 | AT53: 425600000 | BS53: 425600000 | CR53: 159600000 | DW53: 0 | DX53: 101484000 | DY53: 116067000 | EC53: =DY53/M53 -> 0.7587467 | ED53: =DY53/G53 -> 0.082077077
F54: MAGNITUD FÍSICA RESERVAS | T54: =+N54 -> 0 | EC54: =DY54/M54 -> #DIV/0! | ED54: =DY54/G54 -> #DIV/0!
F55: RESERVA PRESUPUESTAL | T55: =+N55 -> 0 | EC55: =DY55/M55 -> #DIV/0! | ED55: =DY55/G55 -> #DIV/0!
F56: TOTAL MAGNITUD FÍSICA | G56: =+G52 -> 9 | H56: =+H52 -> 0.5 | I56: =+I52 -> 0.5 | J56: =+J52 -> 0 | K56: 0.5 | L56: =+L52 -> 0 | M56: 0.5 | N56: 0 | T56: =+N56 -> 0 | U56: =+U52 -> 1.4 | AT56: =+AT52 -> 3.3 | BS56: =+BS52 -> 3.3 | CR56: =+CR52 -> 0.5 | DW56: =+DW52 -> 0 | DX56: =+DX52 -> 0 | DY56: 0 | EC56: =DY56/M56 -> 0 | ED56: =DY56/G56 -> 0
F57: TOTAL PRESUPUESTO DE LA META | G57: =+G53 -> 1414122000 | H57: =+H53 -> 159600000 | I57: =+I53 -> 159600000 | J57: =+J53 -> 0 | K57: 152972000 | L57: =+L53 -> 101484000 | M57: 152972000 | N57: =+N53 -> 116067000 | T57: =+N57 -> 116067000 | U57: =+U53 -> 250350000 | AT57: =+AT53 -> 425600000 | BS57: =+BS53 -> 425600000 | CR57: =+CR53 -> 159600000 | DW57: =+DW53 -> 0 | DX57: =+DX53 -> 101484000 | DY57: =+DY53 -> 116067000 | EC57: =DY57/M57 -> 0.7587467 | ED57: =DY57/G57 -> 0.082077077
A58: Plan de Acción Climática para Bogotá D.C. 2020 - 2050. | B58: 9 | C58: Articular y consolidar 1 Plan de Acción Climática para Bogotá D.C. 2020 - 2050. | D58: SUMA | E58: 198 | F58: MAGNITUD FÍSICA | G58: 1 | H58: 1 | I58: =+H58 -> 1 | J58: 0 | K58: 1 | L58: 0 | M58: 1 | N58: 0 | T58: =+N58 -> 0 | U58: 0 | AT58: 0 | BS58: 0 | CR58: 0 | DW58: 0 | DX58: 0 | DY58: 0 | EC58: =DY58/M58 -> 0 | ED58: =DY58/G58 -> 0 | EE58: Durante el mes de Septiembre se realizó revisión de la metodología del protocolo GPC y herramienta CIRIS (todos los sectores) y el diligenciamiento de la información en CIRIS para el año 2017. Se realizó la gestión de información para la caracterización de Bogotá y el diligenciamiento de la herramienta “Pathways”. Se realizó busqueda y consolidación de los proyectos de mitigación planificados o en implementación por parte de las diferentes entidades en la ciudad. Fase de documentación Se realizó el taller intersectorial, como proceso inicial de arranque con las diferentes entidades distritales para la revisión de acciones de mitigación y adaptación en el marco del Plan de Ación Climática. Adicional a lo anterior, durante el periodo se realizó la formulación de borrador de propuesta para convocatoria con el BID. | EF58: N/A | EG58: N/A | EH58: Los cambios que se presentan en el clima son tanto naturales como resultado de actividades humanas, pero últimamente son estos últimos los que más aceleran el proceso, conscientes de la situación y el escenario que ello genera, el Plan de Desarrollo Distrital determina avanzar en la estructuración de un plan de acción climática para Bogotá D.C., con un horizonte a 2050, que contribuya con lineamientos y acciones concretas de adaptación y mitigación, para hacer frente a los efectos del calentamiento global. Para ello, se tendrá como uno de los referentes principales el Plan Distrital de Gestión del Riesgo de Desastres y del Cambio Climático para Bogotá D.C., 2018-2030 | EI58: Archivo de gestión SEGAE.
F59: PRESUPUESTO VIGENCIA | G59: 478424000 | H59: 334120000 | I59: =+H59 -> 334120000 | J59: 40000000 | K59: 400424000 | L59: 318184000 | M59: 478424000 | N59: 318184000 | T59: =+N59 -> 318184000 | U59: 0 | AT59: 0 | BS59: 0 | CR59: 0 | DW59: 40000000 | DX59: 318184000 | DY59: 318184000 | EC59: =DY59/M59 -> 0.66506697 | ED59: =DY59/G59 -> 0.66506697 | EI59: Archivo de gestión SEGAE.
F60: MAGNITUD FÍSICA RESERVAS | T60: =+N60 -> 0 | EC60: =DY60/M60 -> #DIV/0! | ED60: =DY60/G60 -> #DIV/0! | EI60: Archivo de gestión SEGAE.
F61: RESERVA PRESUPUESTAL | T61: =+N61 -> 0 | EC61: =DY61/M61 -> #DIV/0! | ED61: =DY61/G61 -> #DIV/0! | EI61: Archivo de gestión SEGAE.
F62: TOTAL MAGNITUD FÍSICA | G62: =+G58 -> 1 | H62: =+H58 -> 1 | I62: =+I58 -> 1 | J62: =+J58 -> 0 | K62: 1 | L62: =+L58 -> 0 | M62: 1 | N62: =+N58 -> 0 | T62: =+N62 -> 0 | U62: =+U58 -> 0 | AT62: =+AT58 -> 0 | BS62: =+BS58 -> 0 | CR62: =+CR58 -> 0 | DW62: =+DW58 -> 0 | DX62: =+DX58 -> 0 | DY62: =+DY58 -> 0 | EC62: =DY62/M62 -> 0 | ED62: =DY62/G62 -> 0 | EI62: Archivo de gestión SEGAE.
F63: TOTAL PRESUPUESTO DE LA META | G63: =+G59 -> 478424000 | H63: =+H59 -> 334120000 | I63: =+I59 -> 334120000 | J63: =+J59 -> 40000000 | K63: 400424000 | L63: =+L59 -> 318184000 | M63: 400424000 | N63: =+N59 -> 318184000 | T63: =+N63 -> 318184000 | U63: =+U59 -> 0 | AT63: =+AT59 -> 0 | BS63: =+BS59 -> 0 | CR63: =+CR59 -> 0 | DW63: =+DW59 -> 40000000 | DX63: =+DX59 -> 318184000 | DY63: =+DY59 -> 318184000 | EC63: =DY63/M63 -> 0.79461771 | ED63: =DY63/G63 -> 0.66506697 | EI63: Archivo de gestión SEGAE.
B64: 10 | C64: Implementar al 100% de las acciones priorizadas del Plan de Acción Climática para Bogotá D.C. 2020 - 2050. | D64: SUMA | E64: 198 | F64: MAGNITUD FÍSICA | G64: =+H64+U64+AT64+BS64+CR64 -> 100 | H64: 12.5 | I64: 12.5 | J64: 2 | K64: 12.5 | L64: 4.1 | M64: 12.5 | N64: 6.2 | T64: =+N64 -> 6.2 | U64: 15 | AT64: 30 | BS64: 30 | CR64: 12.5 | DW64: 2 | DX64: 4.1 | DY64: 6.2 | EC64: =DY64/M64 -> 0.496 | ED64: =DY64/G64 -> 0.062 | EE64: En septiembre de 2020 se ejecutaron acciones de adaptación al cambio climático priorizadas con las que la meta ha avanzado en 6,2: - Gestión del riesgo por incendio forestal: a) Conocimiento del riesgo: culminó la campaña de prevención "MenosIncendiosMásVida". b) Reducción del riesgo: labores de mitigación. c) Manejo del desastre: avance del proceso de restauración ecológica en 2,02 ha de un sector afectado por incendio forestal; culminación y socialización de la valoración económica y ambiental de los daños ocasionados por el incendio de Tibanica y avance en la valoración de otros 2 incendios; coordinación de la jornada para el despeje del camino de atrás del Cerro El Cable. - Respuesta a emergencias: la entidad realizó la activación de 134 emergencias, a las cuales se dio respuesta. - Implementación de instrumentos de planeación ambiental: PIGA: Ejecución del Ciclo de Formación en Gestión de Residuos Hospitalarios (43 personas registradas); se dio respuesta a 7 requerimientos de las entidades que implementan el PIGA sobre Storm User. Finalizaron las actividades por entidad SDM, IDRD y SDA, para la premiación de "Al Trabajo En Bici". PACA: Se realizó la revisión de las metas formuladas para el PACA 2020-2024 y se elaboró el documento electrónico con la información institucional y el resumen de los proyectos de inversión priorizados. - Seguimiento a otros instrumentos orientados a recuperar y manejar ambientalmente los suelos de protección por riesgo no mitigable: Participación en reuniones de planificación y articulación de acciones en zonas de riesgo no mitigable con instituciones y comunidades. Participación en procesos de cartografía social realizados en 32 barrios vinculados al polígono Altos de La Estancia. Seguimiento a acciones de recuperación ambiental en los polígonos de Nueva Esperanza y Altos de la Estancia (Convenio 20191295). | EF64: N/A | EG64: N/A | EH64: La ciudad cuenta con acciones para adaptarse al cambio climático, a fin de enfrentar de la mejor manera sus efectos y favorecer la resiliencia. | EI64: Informes de convenios y contratos, reportes de emergencias respondidas por la entidad, informes de seguimiento y de evaluación del PACA, actas de reunión y ayudas de memoria, informes de gestión, reportes de seguimiento.
F65: PRESUPUESTO VIGENCIA | G65: =M65+AT65+BS65+CR65+U65 -> 4004471000 | H65: 381900000 | I65: =+H65 -> 381900000 | J65: 27401143 | K65: 381900000 | L65: 102981143 | M65: 303900000 | N65: 119147442 | T65: =+N65 -> 119147442 | U65: 801561000 | AT65: 969970000 | BS65: 1414970000 | CR65: 514070000 | DW65: 27401143 | DX65: 102981143 | DY65: 119147442 | EC65: =DY65/M65 -> 0.39206134 | ED65: =DY65/G65 -> 0.029753603
F66: MAGNITUD FÍSICA RESERVAS | T66: =+N66 -> 0 | EC66: =DY66/M66 -> #DIV/0! | ED66: =DY66/G66 -> #DIV/0!
F67: RESERVA PRESUPUESTAL | T67: =+N67 -> 0 | EC67: =DY67/M67 -> #DIV/0! | ED67: =DY67/G67 -> #DIV/0!
F68: TOTAL MAGNITUD FÍSICA | G68: =+G64 -> 100 | H68: =+H64 -> 12.5 | I68: =+I64 -> 12.5 | J68: =+J64 -> 2 | K68: 12.5 | L68: =+L64 -> 4.1 | M68: 12.5 | N68: =+N64 -> 6.2 | T68: =+N68 -> 6.2 | U68: =+U64 -> 15 | AT68: =+AT64 -> 30 | BS68: =+BS64 -> 30 | CR68: =+CR64 -> 12.5 | DW68: =+DW64 -> 2 | DX68: =+DX64 -> 4.1 | DY68: =+DY64 -> 6.2 | EC68: =DY68/M68 -> 0.496 | ED68: =DY68/G68 -> 0.062
F69: TOTAL PRESUPUESTO DE LA META | G69: =+G65 -> 4004471000 | H69: =+H65 -> 381900000 | I69: =+I65 -> 381900000 | J69: =+J65 -> 27401143 | K69: 381900000 | L69: =+L65 -> 102981143 | M69: 381900000 | N69: =+N65 -> 119147442 | T69: =+N69 -> 119147442 | U69: =+U65 -> 801561000 | AT69: =+AT65 -> 969970000 | BS69: =+BS65 -> 1414970000 | CR69: =+CR65 -> 514070000 | DW69: =+DW65 -> 27401143 | DX69: =+DX65 -> 102981143 | DY69: =+DY65 -> 119147442 | EC69: =DY69/M69 -> 0.31198597 | ED69: =DY69/G69 -> 0.029753603
A70: TOTAL PROYECTO | F70: TOTAL PRESUPUESTO VIGENCIA DEL PROYECTO | G70: =+G11+G17+G23+G29+G35+G41+G47+G53+G59+G65 -> 19155790490 | H70: =+H11+H17+H23+H29+H35+H41+H47+H53+H59+H65 -> 2520913490 | I70: =+I11+I17+I23+I29+I35+I41+I47+I53+I59+I65 -> 2520913490 | J70: =+J11+J17+J23+J29+J35+J41+J47+J53+J59+J65 -> 536091143 | K70: =+K11+K17+K23+K29+K35+K41+K47+K53+K59+K65 -> 2520913490 | L70: =+L11+L17+L23+L29+L35+L41+L47+L53+L59+L65 -> 1709433143 | M70: =+M11+M17+M23+M29+M35+M41+M47+M53+M59+M65 -> 2520913490 | N70: =+N11+N17+N23+N29+N35+N41+N47+N53+N59+N65 -> 1752848442 | T70: =+T11+T17+T23+T29+T35+T41+T47+T53+T59+T65 -> 1752848442 | U70: =+U11+U17+U23+U29+U35+U41+U47+U53+U59+U65 -> 3459505000 | AT70: =+AT11+AT17+AT23+AT29+AT35+AT41+AT47+AT53+AT59+AT65 -> 5183390000 | BS70: =+BS11+BS17+BS23+BS29+BS35+BS41+BS47+BS53+BS59+BS65 -> 5672705000 | CR70: =+CR11+CR17+CR23+CR29+CR35+CR41+CR47+CR53+CR59+CR65 -> 2319277000 | DW70: =+DW11+DW17+DW23+DW29+DW35+DW41+DW47+DW53+DW59+DW65 -> 536091143 | DX70: =+DX11+DX17+DX23+DX29+DX35+DX41+DX47+DX53+DX59+DX65 -> 1709433143 | DY70: =+DY11+DY17+DY23+DY29+DY35+DY41+DY47+DY53+DY59+DY65 -> 1752848442 | EC70: =DY70/M70 -> 0.69532273 | ED70: =DY70/G70 -> 0.091504887
F71: TOTAL RESERVA PRESUPUESTAL DEL PROYECTO | EC71: =DY71/M71 -> #DIV/0! | ED71: =DY71/G71 -> #DIV/0!
F72: TOTAL PROYECTO VIGENCIA + RESERVAS | G72: =+G70+G71 -> 19155790490 | H72: =+H70+H71 -> 2520913490 | I72: =+I70+I71 -> 2520913490 | J72: =+J70+J71 -> 536091143 | K72: =+K70+K71 -> 2520913490 | L72: =+L70+L71 -> 1709433143 | M72: =+M70+M71 -> 2520913490 | N72: =+N70+N71 -> 1752848442 | T72: =+T70+T71 -> 1752848442 | U72: =+U70+U71 -> 3459505000 | AT72: =+AT70+AT71 -> 5183390000 | BS72: =+BS70+BS71 -> 5672705000 | CR72: =+CR70+CR71 -> 2319277000 | DW72: =+DW70+DW71 -> 536091143 | DX72: =+DX70+DX71 -> 1709433143 | DY72: =+DY70+DY71 -> 1752848442 | EC72: =DY72/M72 -> 0.69532273 | ED72: =DY72/G72 -> 0.091504887
T73: OK | DX73: OK
F75: CONTROL DE CAMBIOS
F76: Versión | G76: Descripción de la Modificación | N76: No. Acto Administrativo y fecha
F77: 12 | G77: Se modifica la periodicidad de reporte y la estructura del documento se ajustó de acuerdo al plan de desarrollo vigente | N77: Radicado 2020IE152434 de septiembre 08 de 2020

Sheet ACTIVIDADES
D1: DIRECCIONAMIENTO ESTRATÉGICO
D2: Formato: Programación, atualización y seguimiento del plan de acción Actualización y seguimiento a Actividades
D3: Codigo:PE01-PR02-F2 | V3: Versión: 12
A4: DEPENDENCIA: | D4: SEGAE
A5: CÓDIGO Y NOMBRE PROYECTO: | D5: 7794 - Fortalecimiento de la gestión ambiental sectorial, el ecourbanismo y cambio climático en el D.C.Bogotá
A7: 1, LÍNEA DE ACCIÓN | B7: 2, META DE PROYECTO | C7: 3, CÓDIGO Y NOMBRE DE LA ACTIVIDAD | D7: 4, SE EJECUTA CON RECURSOS DE: | F7: 5, PONDERACIÓN HORIZONTAL AÑO: 2020 | T7: 6,PONDERACIÓN VERTICAL | V7: 7, OBSERVACIONES AVANCE A SEPTIEMBRE 2020
D8: 4,1 VIGENCIA | E8: 4,2 RESERVA | F8: VARIABLES | G8: Ene | H8: Feb | I8: Mar | J8: Abr | K8: May | L8: Jun | M8: Jul | N8: Ago | O8: Sep | P8: Oct | Q8: Nov | R8: Dic | S8: Total | T8: 6,1 META | U8: 6,2 ACTIVIDAD
A9: Ecourbanismo y construcción sostenible | B9: Realizar a 600 proyectos de infraestructura, la gestión para la aplicación de determinantes ambientales. | C9: 1. Realizar el acompañamiento para la incorporación de criterios y determinantes ambientales en proyectos de infraestructura. | D9: X | F9: Programado | M9: 0.16 | N9: 0.17 | O9: 0.17 | P9: 0.17 | Q9: 0.17 | R9: 0.16 | S9: =SUM(G9:R9) -> 1 | T9: 0.1 | U9: 0.1 | V9: El acumulado ejecutado en la vigencia 2020, corresponde a 33 proyectos, los cuales se han avanzado en la vigencia 2020 y corresponden a proyectos urbanos y arquitectónicos de diferentes escalas, tanto en espacio público como en privado, promoviendo la construcción sostenible y el ecourbanismo en la ciudad. Los proyectos a los cuales se les incorporó criterios de sostenibilidad corresponden a: Un (01) Plan Parcial de Desarrollo, un (01) Plan Parcial de Renovación Urbana, tres (03) Proyectos de Legalización y Regularización de Barrios, cuatro (04) Planes Directores para parques, dieciséis (16) Diseños paisajísticos de parques y zonas verdes, un (01) proyecto de compatibilidad de uso de vivienda en suelo restringido, un (01) Patio zonal para el Sistema Integrado de Transporte Publico - SITP y seis (06) proyectos de infraestructura especial como colegios, tramos viales en intervenciones en Zonas de Manejo y Preservación Ambiental.
F10: Ejecutado | M10: 0.16 | N10: 0.17 | O10: 0.17 | S10: =SUM(G10:R10) -> 0.5
B11: Realizar a 400 proyectos de infraestructura en etapa de operación, el seguimiento a la incorporación de determinantes ambientales. | C11: 2. Verificar en proyectos de infraestructura la incorporación de criterios y determinantes ambientales en proyectos de infraestructura. | D11: X | F11: Programado | M11: 0 | N11: 0 | O11: 0.1 | P11: 0.2 | Q11: 0.3 | R11: 0.4 | S11: =SUM(G11:R11) -> 1 | T11: 0.1 | U11: 0.1 | V11: Durante la vigencia de 2020, se verificó la incorporación de determinantes ambientales a dos (2) proyectos de infraestructura en el espacio público como son: (02) Planes Directores para Parques, correspondientes al Parque Zonal No. 14 del Plan Parcial La Felicidad y el Parque Metropolitano La Independencia y Bicentenario. Estos proyectos verificados se encuentran localizados en las siguientes localidades: uno (01) Fontibón y uno (01) Santa Fé.
F12: Ejecutado | M12: 0 | N12: 0 | O12: 0.1 | S12: =SUM(G12:R12) -> 0.1
B13: Realizar a 20000 m2 de techos verdes y jardines verticales, el acompañamiento técnico | C13: 3. Realizar el acompañamiento técnico a techos verdes y jardines verticales en la Ciudad. | D13: X | F13: Programado | M13: 0 | N13: 0.3 | O13: 0.175 | P13: 0.175 | Q13: 0.175 | R13: 0.175 | S13: =SUM(G13:R13) -> 1 | T13: 0.1 | U13: 0.1 | V13: El acumulado ejecutado en el segundo semestre del 2020 corresponde al 1257 m2 de techos verdes y jardines verticales de los cuales, fue promovido en las siguientes localidades: Santa Fe (26 m2), Chapinero (1103 m2), Suba (30 m2) y Candelaria (98 m2). Durante el mes de septiembre de 2020 se ha realizado el acompañamiento técnico a 516 m2 correspondientes a jardines verticales, en proyectos existentes en espacio público y privado de la localidad de Chapinero (516 m2) de la Ciudad de Bogotá.
F14: Ejecutado | M14: 0 | N14: 0.3 | O14: 0.175 | S14: =SUM(G14:R14) -> 0.475
A15: Gestión Ambiental Empresarial | B15: Diseñar y hacer seguimiento a 1 estrategia de crecimiento verde con enfoque de sostenibilidad, economía circular e innovación | C15: 4. Prediseñar la estrategia de crecimiento verde para la ciudad. | D15: X | F15: Programado | M15: 0 | N15: 0.1 | O15: 0.2 | P15: 0.3 | Q15: 0.3 | R15: 0.1 | S15: =SUM(G15:R15) -> 1 | T15: 0.1 | U15: 0.1 | V15: Se inició con la revisión de información secundaria para la definición de acciones, competencias y actores internos y externas de las SDA para iniciar el desarrollo del diagnóstico que conforma el prediseño de la Estrategia de Crecimiento Verde. Así mismo, se desarrollaron encuentros con actores externos de las SDA como la academia con la Universidad de los Andes y Biontropic. Producto de estos encuentros fue el logro de actividades proyectadas para desarrollar con la Universidad de los Andes referida a la posibilidad de transferencia de conocimiento, participación en convocatoria para proyecto sectorial con Innova y de inclusión de temas de investigación específicos para el año 2021 y, con Biontropic la proyección de actividades de innovación en las líneas estratégicas trabajadas en el marco de la Estrategia de Crecimiento Verde.
F16: Ejecutado | M16: 0 | N16: 0.1 | O16: 0.2 | S16: =SUM(G16:R16) -> 0.3
B17: Asistir a 800 proyectos participantes de programas voluntarios ofrecidos por la SEGAE, para el mejoramiento del desempeño ambiental. | C17: 5. Desarrollar proyectos de asistencia técnica para el mejoramiento del desempeño ambiental en empresas participantes de programas voluntarios ofrecidos por la SEGAE. | D17: X | F17: Programado | M17: 0 | N17: 0.1 | O17: 0.2 | P17: 0.3 | Q17: 0.3 | R17: 0.1 | S17: =SUM(G17:R17) -> 1 | T17: 0.1 | U17: 0.05 | V17: En el marco del programa Gestión Ambiental Empresarial integrado por la Estrategia ACERCAR y PREAD, se vienen acompañando a las empresas que voluntariamente se han vinculado. En la Estrategia ACERCAR para el presente periodo se culminó la etapa de entrenamientos en vivo y montaje de contenidos para la guía de los participantes, a su vez se continuó con la asistencia técnica referida a la guía de trámites y obligaciones para el cumplimiento normativo ambiental y la retroalimentación de matrices de AIA junto con los programas y proyectos presentados por las empresas.
F18: Ejecutado | M18: 0 | N18: 0.1 | O18: 0.2 | S18: =SUM(G18:R18) -> 0.3
C19: 6.Desarrollar las actividades programadas en cada convocatoria del Programa de Excelencia Ambiental Distrital - PREAD. | D19: X | F19: Programado | M19: 0 | N19: 0.1 | O19: 0.2 | P19: 0.3 | Q19: 0.3 | R19: 0.1 | S19: =SUM(G19:R19) -> 1 | U19: 0.05 | V19: El Programa de Excelencia Ambiental Distrital (PREAD) en su XX convocatoria del año 2020, se desarrolla a través de varias etapas postulación, verificación, notificación, planeación, ejecución, revisión, validación y final con la entrega de informes y reconocimiento. Actualmente, se continua con la fase de ejecución con el desarrollo de auditorias, en el mes del presente informe se realizaron 73 auditorías, acorde con la programación establecida con SGS entidad auditora contratada. En tal sentido, con base en el cronograma de reporte para el mes de septiembre se reportan 10 proyectos dirigidos al uso eficiente de los recursos presentado por las empresas participantes.
F20: Ejecutado | M20: 0 | N20: 0.1 | O20: 0.2 | S20: =SUM(G20:R20) -> 0.3
B21: Acompañar y promover a 100 empresas en el proceso de verificación de los criterios de Negocios verdes. | C21: 7. Diseño de estrategias para los negocios verdes. | D21: X | F21: Programado | M21: 0.05 | N21: 0.1 | O21: 0.2 | P21: 0.25 | Q21: 0.25 | R21: 0.15 | S21: =SUM(G21:R21) -> 1 | T21: 0.1 | U21: 0.0333 | V21: Se ajusto el Plan Distrital de Negocios Verdes, de manera tal, que se definen diferentes estrategias para el fortalecimiento de los negocios verdes, y se construyo el primer borrador de la ruta de emprendimiento.
F22: Ejecutado | M22: 0.05 | N22: 0.1 | O22: 0.2 | S22: =SUM(G22:R22) -> 0.35
C23: 8. Realizar el acompañamiento en el proceso de fortalecimiento de negocios verdes | D23: X | F23: Programado | M23: 0.05 | N23: 0.15 | O23: 0.2 | P23: 0.2 | Q23: 0.2 | R23: 0.2 | S23: =SUM(G23:R23) -> 1 | U23: 0.0333 | V23: Se realizó el proceso de participación en la convocatoria de Escalamiento Creativo de Impulsa Colombia, con el fin de fortalecer los procesos con los negocios verdes.
F24: Ejecutado | M24: 0.05 | N24: 0.15 | O24: 0.2 | S24: =SUM(G24:R24) -> 0.4
C25: 9. Verificación y seguimiento a los criterios de negocios verdes. | D25: X | F25: Programado | M25: 0.05 | N25: 0.15 | O25: 0.2 | P25: 0.2 | Q25: 0.2 | R25: 0.2 | S25: =SUM(G25:R25) -> 1 | U25: 0.0333 | V25: Se realizaron 7 procesos de seguimiento a la verificación de criterios para las empresas Vermeladas, La Despensa, It Automatización, Encurtidos Doña Lola, Akla, Ekoreciclart y Aromas Esenciales.
F26: Ejecutado | M26: 0.05 | N26: 0.15 | O26: 0.2 | S26: =SUM(G26:R26) -> 0.4
B27: Desarrollar 6 proyectos pilotos de economía circular en sectores productivos priorizados | C27: 10. Diseño de los proyectos de economía circular. | D27: X | F27: Programado | M27: 0.05 | N27: 0.15 | O27: 0.2 | P27: 0.2 | Q27: 0.2 | R27: 0.2 | S27: =SUM(G27:R27) -> 1 | T27: 0.1 | U27: 0.0333 | V27: En el marco del proceso de formulación de los proyectos de economía circular, se consolidan 57 proyectos diseñados por las empresas participantes, los cuales están en fase de evaluación y ajuste.
F28: Ejecutado | M28: 0.05 | N28: 0.15 | O28: 0.2 | S28: =SUM(G28:R28) -> 0.4
C29: 11. Realizar el acompañamiento de los procesos de promoción de los proyectos. | D29: X | F29: Programado | M29: 0.05 | N29: 0.15 | O29: 0.2 | P29: 0.2 | Q29: 0.2 | R29: 0.2 | S29: =SUM(G29:R29) -> 1 | U29: 0.0333 | V29: Se lideraron 8 sesiones de acompañamiento para fortalecer y ajustar las ideas de proyectos en los grupos empresariales.
F30: Ejecutado | M30: 0.05 | N30: 0.15 | O30: 0.2 | S30: =SUM(G30:R30) -> 0.4
C31: 12. Presentación de informes de avance en los proyectos | D31: X | F31: Programado | M31: 0.05 | N31: 0.15 | O31: 0.2 | P31: 0.2 | Q31: 0.2 | R31: 0.2 | S31: =SUM(G31:R31) -> 1 | U31: 0.0334 | V31: Se genera el documento de priorización de sectores para el desarrollo de pilotos de economía circular, con base en la información suministrada por las empresas participantes y del contexto nacional y local de la gestión de la economía circular.
F32: Ejecutado | M32: 0.05 | N32: 0.15 | O32: 0.2 | S32: =SUM(G32:R32) -> 0.4
B33: Desarrollar 9 proyectos de producción más limpia en los sectores priorizados | C33: 13. Formulación e implementación de un plan anual para la implementación de producción más limpia en los sectores de curtiembres y metalurgia (galvanoplastia), que incluya programación de capacitaciones. | D33: X | F33: Programado | M33: 0 | N33: 0 | O33: 0 | P33: 0.3 | Q33: 0.3 | R33: 0.4 | S33: =SUM(G33:R33) -> 1 | T33: 0.1 | U33: 0.05 | V33: Durante la vigencia 2020 se avanzó en la fase de aprestamiento y planeación para el desarrollo de los proyectos de producción más limpia para los sectores priorizados en el POMCA. Los sectores priorizados son el sector de galvanoplastia, minería y curtiembres. Específicamente para el presente año se iniciará con la formulación del primer proyecto a realizar con el sector de curtiembres y con este fin se han realizado las siguientes gestiones: Se avanzó en el proceso de caracterización de las 68 empresas que entregaron informe de resultados de sus vertimientos realizado en el año 2019 a la Empresa de Acueducto y Alcantarillado, dado que serán las empresas priorizadas para el desarrollo de proyectos de producción más limpia. De tal manera, se ha realizado la revisión ante conceptos técnicos e informes radicados ante el EAAB, asociando la descripción de los procesos industriales y unidades de tratamiento, así como, los resultados obtenidos por cada uno de los parámetros caracterizados. Esta información será corroborada posteriormente con información remitida por la Secretaría Distrital de Salud de las visitas de vigilancia y seguridad ambiental, y, frente a autodiagnósticos que permitan caracterizar la información consolidada de manera inicial. Por otro lado, se realizó reuniones con el Ministerio de Comercio, Industria y Turismo, la Secretaría Distrital de Desarrollo Económico, ASOPIESB y la Universidad de los Andes (actores de interés), con el fin de fortalecer la formulación del proyecto asociado al fortalecimiento de la cadena de valor del sector curtidor, estableciendo el árbol de problema del proyecto a través de la metodología marco lógico, relación de posibles actividades que conllevarían a la solución del problema, sus respectivas causas y consecuencias. Así mismo, se estableció un plan de trabajo técnico preliminar con la Universidad de los Andes definiendo objetivo general, específico, y, actividades que podrán ser ejecutadas con respecto a la problemática identificada por los diferentes actores.
F34: Ejecutado | M34: 0 | N34: 0 | S34: =SUM(G34:R34) -> 0
C35: 14. Formulación e implementación del plan anual de apoyo técnico y buenas prácticas a explotaciones mineras. | D35: X | F35: Programado | M35: 0 | N35: 0 | O35: 0 | P35: 0.3 | Q35: 0.3 | R35: 0.4 | S35: =SUM(G35:R35) -> 1 | U35: 0.05 | V35: Para el sector de minería se llevó a cabo la contratación de un geólogo que permita fortalecer los aspectos técnicos a abordar con el sector, y, se realizó mesas de trabajo con empresas en el PMI de Tunjuelito y PMI de USME para conocer el desarrollo de necesidades de cada una de las empresas y fortaleciendo de esta manera el diagnóstico sectorial
F36: Ejecutado | M36: 0 | N36: 0 | S36: =SUM(G36:R36) -> 0
A37: Plan de Acción Climática para Bogotá D.C. 2020 - 2050. | B37: Articular y consolidar 1 Plan de Acción Climática para Bogotá D.C. 2020 - 2050. | C37: 15. Hacer un taller intersectorial de arranque con las diferentes entidades distrital para la revisión de medidas de mitigación y adaptación - Producto: Taller + Reporte del taller. | D37: X | F37: Programado | M37: 1 | S37: =SUM(G37:R37) -> 1 | T37: 0.1 | U37: 0.0091 | V37: Se hizo el taller "Retos y prioridades en mitigación y adaptación al cambio climático" el 22 de julio de 2020 al que asistieron 92 personas a través de la plataforma Zoom.
F38: Ejecutado | M38: 1 | S38: =SUM(G38:R38) -> 1
C39: 16. Revisión y retroalimentación de la información actual y futura de riesgo climático y la evidencia de las acciones de adaptación, con el objetivo del cumplimiento del Framework de C40. | D39: X | F39: Programado | N39: 0.1 | O39: 0.6 | P39: 0.3 | S39: =SUM(G39:R39) -> 1 | U39: 0.0091 | V39: * Se apoyó la revisión y socialización de las metodologías establecidas por C40 para la evaluación del riesgo climático, con el fin de identificar la más apropiada para aplicarse en Bogotá. * A través de sesiones de trabajo conjuntas con el IDIGER y la consultora AECOM, se determinó la metodología para la elaboración de la evaluación del riesgo climático en Bogotá, teniendo en cuenta las circunstancias y capacidades distritales. * Se realizó la revisión de las fichas de vulnerabilidad por localidades, elaboradas por el IDIGER. Se sugirieron ajustes conceptuales, los cuales fueron discutidos a través de una reunión virtual. * Se llevaron a cabo sesiones de trabajo conjuntas entre la SDA, AECOM y el IDIGER para la definición conceptual de riesgo climático, de tal manera que se articule el Framework propuesto por C40 y la normativa nacional (Ley 1931 de 2018 y Ley 1523 de 2015). * Se ha apoyado la definición de indicadores de vulnerabilidad, a partir de la consolidación de información ecológica, de infraestructura y socioeconómica a la cual tiene acceso la SDA.
F40: Ejecutado | N40: 0.1 | O40: 60%% | S40: =SUM(G40:R40) -> 0.1
C41: 17. Construcción de acciones transformadoras de adaptación, ante los impactos del cambio climático de acuerdo con los objetivos del Acuerdo de Paris y de adaptación de la ciudad. | D41: X | F41: Programado | O41: 0.3 | P41: 0.7 | S41: =SUM(G41:R41) -> 1 | U41: 0.0091 | V41: Como punto de partida, se analizaron las acciones de adaptación al cambio climático existentes y planificadas que la Dirección de Gestión Ambiental viene desarrollando y proyecta llevar a cabo durante el cuatrienio 2020-2024, a la luz de su aporte para fortalecer la capacidad adaptativa en las dimensiones del riesgo de seguridad alimentaria, recurso hídrico, hábitat humano, infraestructura y salud; su capacidad de fortalecer la resiliencia al cambio climático; su aporte al cumplimiento de las metas del Plan de Desarrollo Distrital; su relación con la metas del Plan de Gestión del Riesgo y Cambio Climático; su aporte al cumplimiento de las metas de adaptación de la NDC del país y las sinergias con los ODS.
F42: Ejecutado | O42: 0.3 | S42: =SUM(G42:R42) -> 0.3
C43: 18.Actualización de datos del INGEI para los 4 sectores a 2018, de acuerdo con Plan de trabajo definido por la DCA. | D43: X | F43: Programado | O43: 0.25 | P43: 0.25 | Q43: 0.25 | R43: 0.25 | S43: =SUM(G43:R43) -> 1 | U43: 0.0091 | V43: Se realizó revisión de la metodología del protocolo GPC y herramienta CIRIS (todos los sectores) y el diligenciamiento de la información en CIRIS para el año 2017 de los sectores energía estacionaria, transporte, residuos (información requerida para ingresar al modelo Pathways). Se realizó la entrega del INGEI 2017 para Pathways en CIRIS. Se realizaron sesiones de trabajo de todo el equipo técnico para identificar necesidades de actualización y mejoras metodológicas del INGEI (todos los sectores).
F44: Ejecutado | O44: 0.25 | S44: =SUM(G44:R44) -> 0.25
C45: 19. Formulación de Plan de Gestión del INGEI | D45: X | F45: Programado | Q45: 0.5 | R45: 0.5 | S45: =SUM(G45:R45) -> 1 | U45: 0.0091 | V45: N/A
F46: Ejecutado | S46: =SUM(G46:R46) -> 0
C47: 20. Modelación de escenarios de mitigación | D47: X | F47: Programado | O47: 0.3 | P47: 0.4 | Q47: 0.3 | S47: =SUM(G47:R47) -> 1 | U47: 0.0091 | V47: Se realizó la gestión de información para la caracterización de Bogotá y el diligenciamiento de la herramienta “Pathways”.
F48: Ejecutado | O48: 0.3 | S48: =SUM(G48:R48) -> 0.3
C49: 21. Consolidación de banco de proyecto de mitigación y adaptación con información de emisiones de GEI | D49: X | F49: Programado | O49: 0.25 | P49: 0.25 | Q49: 0.25 | R49: 0.25 | S49: =SUM(G49:R49) -> 1 | U49: 0.0091 | V49: Se realizó búsqueda y consolidación de los proyectos de mitigación planificados o en implementación por parte de las diferentes entidades en la ciudad. Fase de documentación
F50: Ejecutado | O50: 0.25 | S50: =SUM(G50:R50) -> 0.25
C51: 22. Desarrollo de Taller intersectorial de definición de criterios para la priorización de acciones de mitigación y adaptación . Producto: reporte del taller con resultados. | D51: X | F51: Programado | P51: 1 | S51: =SUM(G51:R51) -> 1 | U51: 0.0091 | V51: N/A
F52: Ejecutado | S52: =SUM(G52:R52) -> 0
C53: 23. Desarrollo de un taller con la ciudad de capacitación para la priorización de acciones de acuerdo con la información recolectada y disponible. | D53: X | F53: Programado | P53: 1 | S53: =SUM(G53:R53) -> 1 | U53: 0.0091 | V53: N/A
F54: Ejecutado | S54: =SUM(G54:R54) -> 0
C55: 24. Documento con acciones priorizadas a implementar en 2020-2024 | D55: X | F55: Programado | Q55: 1 | S55: =SUM(G55:R55) -> 1 | U55: 0.0091 | V55: N/A
F56: Ejecutado | S56: =SUM(G56:R56) -> 0
C57: 25. Hoja de Ruta del Plan de Acción Climática con acciones priorizadas a 2024 + hitos 2030 y 2050. | D57: X | F57: Programado | P57: 0.3 | Q57: 0.3 | R57: 0.4 | S57: =SUM(G57:R57) -> 1 | U57: 0.0091 | V57: N/A
F58: Ejecutado | S58: =SUM(G58:R58) -> 0
B59: Implementar al 100% de las acciones priorizadas del Plan de Acción Climática para Bogotá D.C. 2020 - 2050. | C59: 26. Formulación de propuestas a convocatorias de cooperación internacional para el financiamiento de medidas priorizadas a 2024 . | D59: X | F59: Programado | M59: 0.2 | N59: 0.3 | O59: 0.3 | P59: 0.2 | S59: =SUM(G59:R59) -> 1 | T59: 0.1 | U59: 0.02 | V59: Durante el periodo se enviaron los formularios por parte del BID, los cuales han sido estudiados con el equipo de la Subdirección de Proyectos y Cooperación Internacional (SPCI), adicionalmente, se conformó una mesa de trabajo con la Gobernación de Cundinamarca, La Subdirección de Ecosistemas y Ruralidad (SER), la Dirección de Gestión Ambiental (DGA) y el GGGI.
F60: Ejecutado | M60: 0.2 | N60: 0.3 | O60: 0.3 | S60: =SUM(G60:R60) -> 0.8
C61: 27. Ejecutar acciones de gestión del riesgo por incendio forestal. | D61: X | F61: Programado | M61: 0.16 | N61: 0.17 | O61: 0.16 | P61: 0.16 | Q61: 0.16 | R61: 0.19 | S61: =SUM(G61:R61) -> 1 | U61: 0.02 | V61: Proceso de Conocimiento del Riesgo: -Culminación de la campaña de prevención de incendios forestales "Menos Incendios Más Vida" mediante la divulgación de piezas y un vídeo en redes sociales y por internet. Proceso de Reducción del Riesgo: - Realización de labores de mitigación de incendios forestales: a) Control inicial de retamo en 0,1 hectáreas (ha) en la vía Pasquilla - Mochuelo y 0,07 ha en la Vía a La Calera. b) mantenimiento de áreas con control de retamo en 12,61 ha en el Parque Nacional Enrique Olaya Herrera II sector. Proceso de Manejo del Desastre: - Avance en el proceso de restauración ecológica en 2,02 ha del sector La Cascada, afectada por el incendio forestal ocurrido en 2016. - Culminación y socialización de la valoración económica y ambiental de los daños ocasionados por el incendio forestal ocurrido en febrero de 2020 en el humedal de Tibanica. Avance en la valoración de los daños de los incendios presentados en el humedal Meandro del Say (marzo de 2020) e Isla Vuelta Grande de Bosa (enero de 2020). - Georreferenciación del incendio forestal ocurrido en la Localidad de Usme en febrero de 2020. - Generación del shape de 7 incendios y 1 conato. Salida gráfica de 12 IF y 1 Conato. - Actualización de las matrices de gran complejidad aplicada a los 12 incendios forestales ocurridos en el primer trimestre del año, de acuerdo con lo encontrado en las visitas de georreferenciación. - Coordinación de la jornada para el despeje del camino del Cerro El Cable (sector oriental), a realizarse con varias entidades el 06/10/20. Presidencia de la Comisión Distrital para la Prevención y Mitigación de Incendios Forestales: - Se presidió la sesión ordinaria de septiembre. - Elaboración de la matriz consolidada con el resultado de lo encontrado en las visitas de georreferenciación y presentación a la instancia. - Convocatoria y participación en la Subcomisión para discutir los términos "incendios forestales e incendios de la cobertura vegetal".
F62: Ejecutado | M62: 0.16 | N62: 0.17 | O62: 0.17 | S62: =SUM(G62:R62) -> 0.5
C63: 28. Respuesta a las emergencias de los servicios básicos en los que la SDA actúa como responsable ejecutor. | D63: X | F63: Programado | M63: 0.16 | N63: 0.17 | O63: 0.17 | P63: 0.17 | Q63: 0.17 | R63: 0.16 | S63: =SUM(G63:R63) -> 1 | U63: 0.02 | V63: La entidad realizó la activación de 134 emergencias, a las cuales se dio respuesta y correspondieron con los siguientes servicios básicos: - Manejo de materiales y/o residuos peligrosos: 1 emergencia por Residuos peligrosos (RESPEL) . - Manejo de escombros y obras de emergencia: 42 emergencias por árboles caídos y 90 emergencias por árboles en riesgo de caída. - Saneamiento básico: 1 emergencia por vertimientos. Están en funcionamiento los dos módulos para el manejo de la información de respuesta a emergencias en Forest, del Sistema de Información Ambiental - SIA de la entidad.
F64: Ejecutado | M64: 0.16 | N64: 0.17 | O64: 0.17 | S64: =SUM(G64:R64) -> 0.5
C65: 29. Adelantar la implementación de los instrumentos de planeación de gestión ambiental PIGA-PACA. | D65: X | F65: Programado | M65: 0.1 | N65: 0.2 | O65: 0.2 | P65: 0.2 | Q65: 0.2 | R65: 0.1 | S65: =SUM(G65:R65) -> 1 | U65: 0.02 | V65: Plan Institucional de Gestión Ambiental - PIGA: Ejecución del Ciclo de Formación en Gestión de Residuos Hospitalarios (43 personas registradas). Apoyo a la Dirección de Gestión Corporativa en respuesta requerimiento SCASP. Se dio respuesta a 7 requerimientos de las entidades que implementan el PIGA sobre Storm Usar, Código de colores para Gestión de residuos, Uso Eficiente del Agua y de la Energía, Plan de acción, capacitaciones, programas RAEES Respel, Impactos Ambientales, Recorridos a los Parques, Publicidad Exterior Visual y Compras Públicas Sostenibles. Finalizaron las actividades por entidad SDM, IDRD y SDA, para la premiación de "Al Trabajo En Bici", en cumplimiento del Acuerdo 660 de 2016. Plan de Acción Cuatrienal Ambiental - PACA: Se realizó la revisión de las metas formuladas para el PACA 2020-2024 y se elaboró el documento electrónico con la información institucional y el resumen de los proyectos de inversión priorizados, de acuerdo con los lineamientos de la SPPA.
F66: Ejecutado | M66: 0.1 | N66: 0.2 | O66: 0.2 | S66: =SUM(G66:R66) -> 0.5
C67: 30. Seguimiento a las acciones establecidas en los instrumentos de planeación existentes y orientados a recuperar y manejar ambientalmente los “Suelos de Protección por Riesgo no Mitigable”. | D67: X | F67: Programado | M67: 0.1 | N67: 0.2 | O67: 0.2 | P67: 0.2 | Q67: 0.15 | R67: 0.15 | S67: =SUM(G67:R67) -> 1 | U67: 0.02 | V67: Se realizó el proceso de articulación y planificación de acciones entre instituciones del Distrito y la comunidad de Altos de la Estancia, con el objetivo de formular y acordar un Pacto para mejorar las condiciones del sector; para ello, se adelanta de forma conjunta el levantamiento de información por medio de entrevistas y cartografía social, realizados en los 32 barrios vinculados al polígono Altos de La Estancia, de manera presencial. Así mismo, se ha participado en reuniones entre instituciones para proceder con acciones que brinden soluciones al tensionante de pastoreo de ganado caprino y bovino que afecta las acciones de restauración que se adelanten en el polígono. Continúa el seguimiento a las acciones de recuperación ambiental en los polígonos de Nueva Esperanza y Altos de la Estancia, ubicados en las localidades de Rafael Uribe Uribe y Ciudad Bolívar respectivamente; esto se hace en el Convenio 20191295. Las actividades responden al cumplimiento del Plan de Manejo de Altos de la Estancia y a los Planes de Acción planteados para ambos sectores. Se envío comunicación a las entidades con la socialización del plan de Manejo Ambiental de Altos de la Estancia y se les convoca a reunión para seguimiento a acciones.
F68: Ejecutado | M68: 0.1 | N68: 0.2 | O68: 0.2 | S68: =SUM(G68:R68) -> 0.5
A69: TOTAL PONDERACIÓN | T69: =SUM(T9:T68) -> 1 | U69: =SUM(U9:U68) -> 1
B72: CONTROL DE CAMBIOS
B73: Versión | C73: Descripción de la Modificación | J73: No. Acto Administrativo y fecha
B74: 12 | C74: Se modifica la periodicidad de reporte y la estructura del documento se ajustó de acuerdo al plan de desarrollo vigente | J74: Radicado 2020IE152434 de septiembre 08 de 2020

Sheet TERRITORIALIZACIÓN
E1: DIRECCIONAMIENTO ESTRATÉGICO
E2: PROGRAMACIÓN, ACTUALIZACIÓN Y SEGUIMIENTO DEL PLAN DE ACCIÓN Actualización y seguimiento a la Territorialización
E3: Codigo:PE01-PR02-F2 | AE3: Versión: 12
A4: DEPENDENCIA: | E4: SEGAE
A5: CÓDIGO Y NOMBRE PROYECTO: | E5: 7794 - Fortalecimiento de la gestión ambiental sectorial, el ecourbanismo y cambio climático en el D.C.Bogotá
A6: PERIODO: | E6: CORTE A 30 DE SEPTIEMBRE AÑO 2020
A8: 1, COD. META | B8: 2, Meta Proyecto | C8: 3. Identificación del punto de invesión | D8: 4, Variable | E8: 5. PROGRAMACIÓN INICIAL AÑO 2020 | G8: 6, ACTUALIZACIÓN | T8: 7,EJECUTADO | AG8: 8, LOCALIZACIÓN GEOGRÁFICA | AL8: 9, ORIENTACIÓN | AN8: 10. POBLACIÓN | AU8: 11, LECCIONES APRENDIDAS - OBSERVACIONES
F9: REPROGRAMACIÓN VIGENCIA | G9: Ene | H9: Feb | I9: Mar | J9: Abr | K9: May | L9: Jun | M9: Jul | N9: Ago | O9: Sep | P9: Oct | Q9: Nov | R9: Dic | S9: Observaciones | T9: Ene | U9: Feb | V9: Mar | W9: Abr | X9: May | Y9: Jun | Z9: Jul | AA9: Ago | AB9: Sep | AC9: Oct | AD9: Nov | AE9: Dic | AF9: Observaciones y/o descripcion de acciones en el punto de inversión | AG9: 8,1 LOCALIDAD(ES) | AH9: 8.2 UPZ(S) | AI9: 8,3 BARRIO(S) | AJ9: 8,4 GEORREFERENCIACIÓN | AK9: 8,5 ÁREA DE INFLUENCIA E INCIDENCIA | AL9: 9,1 POLÍGONO DE MEJORAMIENTO INTEGRAL | AM9: 9,2 POLÍTICA | AN9: 10.1 NÚMERO DE HOMBRES | AO9: 10.2 NÚMERO DE MUJERES | AP9: 10.3 NÚMERO INTERSEXUAL | AQ9: 10.4 GRUPO ETARIO | AR9: 10.5 CONDICION POBLACIONAL | AS9: 10.6 GRUPOS ETNICOS | AT9: 10.7 TOTAL POBLACIÓN PERSONAS/CANTIDAD
A10: 1 | B10: Realizar a 600 proyectos de infraestructura, la gestión para la aplicación de determinantes ambientales. | C10: LOCALIDADES | D10: MAGNITUD FÍSICA | E10: =+[2]INVERSIÓN!H10 -> 66 | F10: =+[2]INVERSIÓN!I10 -> 66 | M10: =+F10 -> 66 | N10: =+[2]INVERSIÓN!K10 -> 66 | O10: 66 | Z10: =+[2]INVERSIÓN!J10 -> 11 | AA10: =+[2]INVERSIÓN!DX10 -> 22 | AB10: 33 | AF10: La aplicación y seguimiento de determinantes ambientales en proyectos urbanos y arquitectónicos de diferentes escalas, así como a instrumentos de planeamiento urbano, promueve la construcción sostenible y el ecourbanismo en la ciudad, mediante la armonización de los proyectos urbanos y el modelo de ocupación del territorio con la Estructura ecológica Principal, garantizando mejores espacios para la habitabilidad urbana y mayor equidad e igualdad en la población capitalina. | AG10: DISTRITAL | AH10: Varias (Remitirse a Generación de Shape) | AI10: Varios (Remitirse a Generación de Shape) | AJ10: Punto (Remitirse a Generación de Shape) | AK10: 7794 | AL10: N/A | AM10: 1. Politica Pública de Ecourbanismo y Construcción Sostenible, Politica Distrtial del Agua, Plan Distrital de Gestión del Riesgo de Desastres y del Cambio Climático – PDGRDCC. | AN10: 3679380 | AO10: 4036395 | AP10: SIN DEFINIR | AQ10: SIN DEFINIR | AR10: SIN DEFINIR | AS10: SIN DEFINIR | AT10: 7715777
D11: PRESUPUESTO VIGENCIA | E11: =+[2]INVERSIÓN!H11 -> 370304000 | F11: =+[2]INVERSIÓN!I11 -> 370304000 | M11: =+F11 -> 370304000 | N11: =+[2]INVERSIÓN!K11 -> 361860000 | O11: 361860000 | Z11: =+[2]INVERSIÓN!J11 -> 140580000 | AA11: =+[2]INVERSIÓN!DX11 -> 262457000 | AB11: 262457000
D12: MAGNITUD FÍSICA RESERVAS | E12: =+[2]INVERSIÓN!H12 -> #REF! | F12: =+[2]INVERSIÓN!I12 -> #REF! | M12: =+F12 -> #REF! | N12: =+[2]INVERSIÓN!K12 -> #REF! | O12: 0 | Z12: =+[2]INVERSIÓN!J12 -> #REF! | AA12: =+[2]INVERSIÓN!DX12 -> #REF! | AB12: 0
D13: RESERVA PRESUPUESTAL | E13: =+[2]INVERSIÓN!H13 -> #REF! | F13: =+[2]INVERSIÓN!I13 -> #REF! | M13: =+F13 -> #REF! | N13: =+[2]INVERSIÓN!K13 -> #REF! | O13: 0 | Z13: =+[2]INVERSIÓN!J13 -> #REF! | AA13: =+[2]INVERSIÓN!DX13 -> #REF! | AB13: 0
D14: TOTAL MAGNITUD FÍSICA | E14: =+[2]INVERSIÓN!H14 -> 66 | F14: =+[2]INVERSIÓN!I14 -> 66 | M14: =+F14 -> 66 | N14: =+[2]INVERSIÓN!K14 -> 66 | O14: 66 | Z14: =+[2]INVERSIÓN!J14 -> 11 | AA14: =+[2]INVERSIÓN!DX14 -> 22 | AB14: 33
D15: TOTAL PRESUPUESTO DE LA META | E15: =+[2]INVERSIÓN!H15 -> 370304000 | F15: =+[2]INVERSIÓN!I15 -> 370304000 | M15: =+F15 -> 370304000 | N15: =+[2]INVERSIÓN!K15 -> 361860000 | O15: 361860000 | Z15: =+[2]INVERSIÓN!J15 -> 140580000 | AA15: =+[2]INVERSIÓN!DX15 -> 262457000 | AB15: 262457000
C16: USAQUEN | D16: MAGNITUD FÍSICA | M16: 1 | N16: 2 | O16: 3 | Z16: 1 | AA16: 2 | AB16: 3 | AG16: USAQUEN | AH16: Varias (Remitirse a Generación de Shape) | AI16: Varias (Remitirse a Generación de Shape) | AJ16: Varias (Remitirse a Generación de Shape) | AK16: DISTRITO CAPITAL | AL16: N/A | AM16: 1. Politica Pública de Ecourbanismo y Construcción Sostenible, Politica Distrtial del Agua, Plan Distrital de Gestión del Riesgo de Desastres y del Cambio Climático – PDGRDCC. | AN16: 255912 | AO16: 300846 | AP16: SIN DEFINIR | AQ16: SIN DEFINIR | AR16: SIN DEFINIR | AS16: SIN DEFINIR | AT16: 556759
D17: PRESUPUESTO VIGENCIA | M17: =+M16*$M$11/$M$10 -> 5610666.7 | N17: =+N16*$N$11/$N$10 -> 10965455 | O17: 16448182 | Z17: =+Z16*$Z$11/$Z$10 -> 12780000 | AA17: =+AA16*$AA$11/$AA$10 -> 23859727 | AB17: 23859727
D18: MAGNITUD FÍSICA RESERVAS
D19: RESERVA PRESUPUESTAL
D20: TOTAL MAGNITUD FÍSICA | O20: 3 | AB20: 3
D21: TOTAL PRESUPUESTO DE LA META | O21: 16448182 | AB21: 23859727
C22: CHAPINERO | D22: MAGNITUD FÍSICA | M22: 1 | N22: 1 | O22: 2 | Z22: 1 | AA22: 1 | AB22: 2 | AG22: CHAPINERO | AH22: Varias (Remitirse a Generación de Shape) | AI22: Varias (Remitirse a Generación de Shape) | AJ22: Varias (Remitirse a Generación de Shape) | AK22: DISTRITO CAPITAL | AL22: N/A | AM22: 1. Politica Pública de Ecourbanismo y Construcción Sostenible, Politica Distrtial del Agua, Plan Distrital de Gestión del Riesgo de Desastres y del Cambio Climático – PDGRDCC. | AN22: 76616 | AO22: 84755 | AP22: SIN DEFINIR | AQ22: SIN DEFINIR | AR22: SIN DEFINIR | AS22: SIN DEFINIR | AT22: 161372
D23: PRESUPUESTO VIGENCIA | M23: =+M22*$M$11/$M$10 -> 5610666.7 | N23: =+N22*$N$11/$N$10 -> 5482727.3 | O23: 10965455 | Z23: =+Z22*$Z$11/$Z$10 -> 12780000 | AA23: =+AA22*$AA$11/$AA$10 -> 11929864 | AB23: 15906485
D24: MAGNITUD FÍSICA RESERVAS
D25: RESERVA PRESUPUESTAL
D26: TOTAL MAGNITUD FÍSICA | O26: 2 | AB26: 2
D27: TOTAL PRESUPUESTO DE LA META | O27: 10965455 | AB27: 15906485
C28: SANTA FE | D28: MAGNITUD FÍSICA | AG28: SANTA FÉ | AH28: Varias (Remitirse a Generación de Shape) | AI28: Varias (Remitirse a Generación de Shape) | AJ28: Varias (Remitirse a Generación de Shape) | AK28: DISTRITO CAPITAL | AL28: N/A | AM28: 1. Politica Pública de Ecourbanismo y Construcción Sostenible, Politica Distrtial del Agua, Plan Distrital de Gestión del Riesgo de Desastres y del Cambio Climático – PDGRDCC. | AN28: 53075 | AO28: 53484 | AP28: SIN DEFINIR | AQ28: SIN DEFINIR | AR28: SIN DEFINIR | AS28: SIN DEFINIR | AT28: 22438
D29: PRESUPUESTO VIGENCIA
D30: MAGNITUD FÍSICA RESERVAS
D31: RESERVA PRESUPUESTAL
D32: TOTAL MAGNITUD FÍSICA
D33: TOTAL PRESUPUESTO DE LA META
C34: SAN CRISTOBAL | D34: MAGNITUD FÍSICA | M34: 1 | N34: 1 | O34: 2 | Z34: 1 | AA34: 1 | AB34: 2 | AG34: SAN CRISTOBAL | AH34: Varias (Remitirse a Generación de Shape) | AI34: Varias (Remitirse a Generación de Shape) | AJ34: Varias (Remitirse a Generación de Shape) | AK34: DISTRITO CAPITAL | AL34: N/A | AM34: 1. Politica Pública de Ecourbanismo y Construcción Sostenible, Politica Distrtial del Agua, Plan Distrital de Gestión del Riesgo de Desastres y del Cambio Climático – PDGRDCC. | AN34: 194318 | AO34: 207625 | AP34: SIN DEFINIR | AQ34: SIN DEFINIR | AR34: SIN DEFINIR | AS34: SIN DEFINIR | AT34: 401944
D35: PRESUPUESTO VIGENCIA | M35: =+M34*$M$11/$M$10 -> 5610666.7 | N35: =+N34*$N$11/$N$10 -> 5482727.3 | O35: 10965455 | Z35: =+Z34*$Z$11/$Z$10 -> 12780000 | AA35: =+AA34*$AA$11/$AA$10 -> 11929864 | AB35: 15906485
D36: MAGNITUD FÍSICA RESERVAS
D37: RESERVA PRESUPUESTAL
D38: TOTAL MAGNITUD FÍSICA | O38: 2 | AB38: 2
D39: TOTAL PRESUPUESTO DE LA META | O39: 10965455 | AB39: 15906485
C40: USME | D40: MAGNITUD FÍSICA | AG40: USME | AH40: Varias (Remitirse a Generación de Shape) | AI40: Varias (Remitirse a Generación de Shape) | AJ40: Varias (Remitirse a Generación de Shape) | AK40: DISTRITO CAPITAL | AL40: N/A | AM40: 1. Politica Pública de Ecourbanismo y Construcción Sostenible, Politica Distrtial del Agua, Plan Distrital de Gestión del Riesgo de Desastres y del Cambio Climático – PDGRDCC. | AN40: 181364 | AO40: 191238 | AP40: SIN DEFINIR | AQ40: SIN DEFINIR | AR40: SIN DEFINIR | AS40: SIN DEFINIR | AT40: 22438
D41: PRESUPUESTO VIGENCIA
D42: MAGNITUD FÍSICA RESERVAS
D43: RESERVA PRESUPUESTAL
D44: TOTAL MAGNITUD FÍSICA
D45: TOTAL PRESUPUESTO DE LA META
C46: TUNJUELITO | D46: MAGNITUD FÍSICA | O46: 1 | AB46: 1 | AG46: TUNJUELITO | AH46: Varias (Remitirse a Generación de Shape) | AI46: Varias (Remitirse a Generación de Shape) | AJ46: Varias (Remitirse a Generación de Shape) | AK46: DISTRITO CAPITAL | AL46: N/A | AM46: 1. Politica Pública de Ecourbanismo y Construcción Sostenible, Politica Distrtial del Agua, Plan Distrital de Gestión del Riesgo de Desastres y del Cambio Climático – PDGRDCC. | AN46: 86612 | AO46: 92493 | AP46: SIN DEFINIR | AQ46: SIN DEFINIR | AR46: SIN DEFINIR | AS46: SIN DEFINIR | AT46: 179106
D47: PRESUPUESTO VIGENCIA | O47: 5482727.3 | AB47: 7953242.4
D48: MAGNITUD FÍSICA RESERVAS
D49: RESERVA PRESUPUESTAL
D50: TOTAL MAGNITUD FÍSICA | O50: 1 | AB50: 1
D51: TOTAL PRESUPUESTO DE LA META | O51: 5482727.3 | AB51: 7953242.4
C52: BOSA | D52: MAGNITUD FÍSICA | M52: 2 | N52: 3 | O52: 5 | Z52: 2 | AA52: 3 | AB52: 5 | AG52: BOSA | AH52: Varias (Remitirse a Generación de Shape) | AI52: Varias (Remitirse a Generación de Shape) | AJ52: Varias (Remitirse a Generación de Shape) | AK52: DISTRITO CAPITAL | AL52: Bosa Occidental, Gran Britalia, Lucero, Danubio, Gran Yomasa, Comuneros | AM52: 1. Politica Pública de Ecourbanismo y Construcción Sostenible, Politica Distrtial del Agua, Plan Distrital de Gestión del Riesgo de Desastres y del Cambio Climático – PDGRDCC. | AN52: 350318 | AO52: 376910 | AP52: SIN DEFINIR | AQ52: SIN DEFINIR | AR52: SIN DEFINIR | AS52: SIN DEFINIR | AT52: 727228
D53: PRESUPUESTO VIGENCIA | M53: =+M52*$M$11/$M$10 -> 11221333 | N53: =+N52*$N$11/$N$10 -> 16448182 | O53: 27413636 | Z53: =+Z52*$Z$11/$Z$10 -> 25560000 | AA53: =+AA52*$AA$11/$AA$10 -> 35789591 | AB53: 39766212
D54: MAGNITUD FÍSICA RESERVAS
D55: RESERVA PRESUPUESTAL
D56: TOTAL MAGNITUD FÍSICA | O56: 5 | AB56: 5
D57: TOTAL PRESUPUESTO DE LA META | O57: 27413636 | AB57: 39766212
C58: KENNEDY | D58: MAGNITUD FÍSICA | N58: 2 | O58: 3 | AA58: 2 | AB58: 3 | AG58: KENNEDY | AH58: Varias (Remitirse a Generación de Shape) | AI58: Varias (Remitirse a Generación de Shape) | AJ58: Varias (Remitirse a Generación de Shape) | AK58: DISTRITO CAPITAL | AL58: N/A | AM58: 1. Politica Pública de Ecourbanismo y Construcción Sostenible, Politica Distrtial del Agua, Plan Distrital de Gestión del Riesgo de Desastres y del Cambio Climático – PDGRDCC. | AN58: 511137 | AO58: 556761 | AP58: SIN DEFINIR | AQ58: SIN DEFINIR | AR58: SIN DEFINIR | AS58: SIN DEFINIR | AT58: 1067898
D59: PRESUPUESTO VIGENCIA | N59: =+N58*$N$11/$N$10 -> 10965455 | O59: 16448182 | AA59: =+AA58*$AA$11/$AA$10 -> 23859727 | AB59: 23859727
D60: MAGNITUD FÍSICA RESERVAS
D61: RESERVA PRESUPUESTAL
D62: TOTAL MAGNITUD FÍSICA | O62: 3 | AB62: 3
D63: TOTAL PRESUPUESTO DE LA META | O63: 16448182 | AB63: 23859727
C64: FONTIBÓN | D64: MAGNITUD FÍSICA | M64: 1 | N64: 3 | O64: 4 | Z64: 1 | AA64: 3 | AB64: 4 | AG64: FONTIBON | AH64: Varias (Remitirse a Generación de Shape) | AI64: Varias (Remitirse a Generación de Shape) | AJ64: Varias (Remitirse a Generación de Shape) | AK64: DISTRITO CAPITAL | AL64: N/A | AM64: 1. Politica Pública de Ecourbanismo y Construcción Sostenible, Politica Distrtial del Agua, Plan Distrital de Gestión del Riesgo de Desastres y del Cambio Climático – PDGRDCC. | AN64: 181876 | AO64: 201858 | AP64: SIN DEFINIR | AQ64: SIN DEFINIR | AR64: SIN DEFINIR | AS64: SIN DEFINIR | AT64: 383734
D65: PRESUPUESTO VIGENCIA | M65: =+M64*$M$11/$M$10 -> 5610666.7 | N65: =+N64*$N$11/$N$10 -> 16448182 | O65: 21930909 | Z65: =+Z64*$Z$11/$Z$10 -> 12780000 | AA65: =+AA64*$AA$11/$AA$10 -> 35789591 | AB65: 31812970
D66: MAGNITUD FÍSICA RESERVAS
D67: RESERVA PRESUPUESTAL
D68: TOTAL MAGNITUD FÍSICA | O68: 4 | AB68: 4
D69: TOTAL PRESUPUESTO DE LA META | O69: 21930909 | AB69: 31812970
C70: ENGATIVÁ | D70: MAGNITUD FÍSICA | M70: 1 | N70: 1 | O70: 1 | Z70: 1 | AA70: 1 | AB70: 1 | AG70: ENGATIVA | AH70: Varias (Remitirse a Generación de Shape) | AI70: Varias (Remitirse a Generación de Shape) | AJ70: Varias (Remitirse a Generación de Shape) | AK70: DISTRITO CAPITAL | AL70: N/A | AM70: 1. Politica Pública de Ecourbanismo y Construcción Sostenible, Politica Distrtial del Agua, Plan Distrital de Gestión del Riesgo de Desastres y del Cambio Climático – PDGRDCC. | AN70: 392164 | AO70: 439214 | AP70: SIN DEFINIR | AQ70: SIN DEFINIR | AR70: SIN DEFINIR | AS70: SIN DEFINIR | AT70: 831378
D71: PRESUPUESTO VIGENCIA | M71: =+M70*$M$11/$M$10 -> 5610666.7 | N71: =+N70*$N$11/$N$10 -> 5482727.3 | O71: 5482727.3 | Z71: =+Z70*$Z$11/$Z$10 -> 12780000 | AA71: =+AA70*$AA$11/$AA$10 -> 11929864 | AB71: 7953242.4
D72: MAGNITUD FÍSICA RESERVAS
D73: RESERVA PRESUPUESTAL
D74: TOTAL MAGNITUD FÍSICA | O74: 1 | AB74: 1
D75: TOTAL PRESUPUESTO DE LA META | O75: 5482727.3 | AB75: 7953242.4
C76: SUBA | D76: MAGNITUD FÍSICA | M76: 1 | N76: 3 | O76: 4 | Z76: 1 | AA76: 3 | AB76: 4 | AG76: SUBA | AH76: Varias (Remitirse a Generación de Shape) | AI76: Varias (Remitirse a Generación de Shape) | AJ76: Varias (Remitirse a Generación de Shape) | AK76: DISTRITO CAPITAL | AL76: N/A | AM76: 1. Politica Pública de Ecourbanismo y Construcción Sostenible, Politica Distrtial del Agua, Plan Distrital de Gestión del Riesgo de Desastres y del Cambio Climático – PDGRDCC. | AN76: 572451 | AO76: 643445 | AP76: SIN DEFINIR | AQ76: SIN DEFINIR | AR76: SIN DEFINIR | AS76: SIN DEFINIR | AT76: 1215896
D77: PRESUPUESTO VIGENCIA | M77: =+M76*$M$11/$M$10 -> 5610666.7 | N77: =+N76*$N$11/$N$10 -> 16448182 | O77: 21930909 | Z77: =+Z76*$Z$11/$Z$10 -> 12780000 | AA77: =+AA76*$AA$11/$AA$10 -> 35789591 | AB77: 31812970
D78: MAGNITUD FÍSICA RESERVAS
D79: RESERVA PRESUPUESTAL
D80: TOTAL MAGNITUD FÍSICA | O80: 4 | AB80: 4
D81: TOTAL PRESUPUESTO DE LA META | O81: 21930909 | AB81: 31812970
C82: BARRIOS UNIDOS | D82: MAGNITUD FÍSICA | N82: 1 | O82: 1 | AA82: 1 | AB82: 1 | AG82: BARRIOS UNIDOS | AH82: Varias (Remitirse a Generación de Shape) | AI82: Varias (Remitirse a Generación de Shape) | AJ82: Varias (Remitirse a Generación de Shape) | AK82: DISTRITO CAPITAL | AL82: N/A | AM82: 1. Politica Pública de Ecourbanismo y Construcción Sostenible, Politica Distrtial del Agua, Plan Distrital de Gestión del Riesgo de Desastres y del Cambio Climático – PDGRDCC. | AN82: 64519 | AO82: 72507 | AP82: SIN DEFINIR | AQ82: SIN DEFINIR | AR82: SIN DEFINIR | AS82: SIN DEFINIR | AT82: 137026
D83: PRESUPUESTO VIGENCIA | N83: =+N82*$N$11/$N$10 -> 5482727.3 | O83: 5482727.3 | AA83: =+AA82*$AA$11/$AA$10 -> 11929864 | AB83: 7953242.4
D84: MAGNITUD FÍSICA RESERVAS
D85: RESERVA PRESUPUESTAL
D86: TOTAL MAGNITUD FÍSICA | O86: 1 | AB86: 1
D87: TOTAL PRESUPUESTO DE LA META | O87: 5482727.3 | AB87: 7953242.4
C88: TEUSAQUILLO | D88: MAGNITUD FÍSICA | AG88: TEUSAQUILLO | AH88: Varias (Remitirse a Generación de Shape) | AI88: Varias (Remitirse a Generación de Shape) | AJ88: Varias (Remitirse a Generación de Shape) | AK88: DISTRITO CAPITAL | AL88: N/A | AM88: 1. Politica Pública de Ecourbanismo y Construcción Sostenible, Politica Distrtial del Agua, Plan Distrital de Gestión del Riesgo de Desastres y del Cambio Climático – PDGRDCC. | AN88: 70844 | AO88: 80573 | AP88: SIN DEFINIR | AQ88: SIN DEFINIR | AR88: SIN DEFINIR | AS88: SIN DEFINIR | AT88: 140135
D89: PRESUPUESTO VIGENCIA
D90: MAGNITUD FÍSICA RESERVAS
D91: RESERVA PRESUPUESTAL
D92: TOTAL MAGNITUD FÍSICA | O92: 0
D93: TOTAL PRESUPUESTO DE LA META | O93: 0
C94: LOS MARTIRES | D94: MAGNITUD FÍSICA | N94: 1 | O94: 1 | AA94: 1 | AB94: 1 | AG94: LOS MARTIRES | AH94: Varias (Remitirse a Generación de Shape) | AI94: Varias (Remitirse a Generación de Shape) | AJ94: Varias (Remitirse a Generación de Shape) | AK94: DISTRITO CAPITAL | AL94: N/A | AM94: 1. Politica Pública de Ecourbanismo y Construcción Sostenible, Politica Distrtial del Agua, Plan Distrital de Gestión del Riesgo de Desastres y del Cambio Climático – PDGRDCC. | AN94: 37102 | AO94: 38674 | AP94: SIN DEFINIR | AQ94: SIN DEFINIR | AR94: SIN DEFINIR | AS94: SIN DEFINIR | AT94: 75776
D95: PRESUPUESTO VIGENCIA | N95: =+N94*$N$11/$N$10 -> 5482727.3 | O95: 5482727.3 | AA95: =+AA94*$AA$11/$AA$10 -> 11929864 | AB95: 7953242.4
D96: MAGNITUD FÍSICA RESERVAS
D97: RESERVA PRESUPUESTAL
D98: TOTAL MAGNITUD FÍSICA | O98: 1 | AB98: 1
D99: TOTAL PRESUPUESTO DE LA META | O99: 5482727.3 | AB99: 7953242.4
C100: ANTONIO NARIÑO | D100: MAGNITUD FÍSICA | AG100: ANTONIO NARIÑO | AH100: Varias (Remitirse a Generación de Shape) | AI100: Varias (Remitirse a Generación de Shape) | AJ100: Varias (Remitirse a Generación de Shape) | AK100: DISTRITO CAPITAL | AL100: N/A | AM100: 1. Politica Pública de Ecourbanismo y Construcción Sostenible, Politica Distrtial del Agua, Plan Distrital de Gestión del Riesgo de Desastres y del Cambio Climático – PDGRDCC. | AN100: 39611 | AO100: 43209 | AP100: SIN DEFINIR | AQ100: SIN DEFINIR | AR100: SIN DEFINIR | AS100: SIN DEFINIR | AT100: 109254
D101: PRESUPUESTO VIGENCIA
...

Sheet RevLin_EjecPtal7794_ Ago
B1: Meta PDD/Meta Inversión/Concepto Gasto | C1: Apropiación 2020 | D1: CDPs | F1: COMPROMISOS | H1: GIROS | J1: SALDO POR COMPROMETER
D2: Total ejecutado | E2: % | F2: Total ejecutado | G2: % | H2: Total ejecutado | I2: % | J2: Valor | K2: %
B3: 200-REALIZAR LA GESTION Y SEGUIMIENTO A LA APLICACION DE LOS DETERMINANTES AMBIENTALES EN 1.000 PROYECTOS DE CIUDAD TOMANDO EN CUENTA MEDIDAS DE ADAPTACION Y MITIGACION A LA CRISIS CLIMATICA. | C3: 504744000 | D3: 368895000 | E3: =+D3/C3 -> 0.73085564 | F3: 334231000 | G3: =+F3/C3 -> 0.66217924 | H3: 0 | I3: =+H3/F3 -> 0 | J3: =+C3-F3 -> 170513000 | K3: =+J3/C3 -> 0.33782076
B4: 1. REALIZAR A 600 PROYECTOS DE INFRAESTRUCTURA, LA GESTION PARA LA APLICACION DE DETERMINANTES AMBIENTALES. | C4: 361860000 | D4: 284455000 | E4: =+D4/C4 -> 0.78609131 | F4: 262457000 | G4: =+F4/C4 -> 0.72529984 | H4: 0 | I4: =+H4/F4 -> 0 | J4: =+C4-F4 -> 99403000 | K4: =+J4/C4 -> 0.27470016
B5: 0037-GASTOS DE TRANSPORTE | C5: 50000000 | D5: 0 | E5: =+D5/C5 -> 0 | G5: =+F5/C5 -> 0 | H5: 0 | I5: 0 | J5: =+C5-F5 -> 50000000 | K5: =+J5/C5 -> 1
B6: 0253-PERSONAL CONTRATADO PARA EJECUTAR LAS ACTUACIONES DE EVALUACION CONTROL Y SEGUIMIENTO AMBIENTAL EN AMBIENTE URBANO | C6: 311860000 | D6: 284455000 | E6: =+D6/C6 -> 0.91212403 | F6: 262457000 | G6: =+F6/C6 -> 0.84158597 | H6: 0 | I6: =+H6/F6 -> 0 | J6: =+C6-F6 -> 49403000 | K6: =+J6/C6 -> 0.15841403
B7: 2. REALIZAR A 400 PROYECTOS DE INFRAESTRUCTURA EN ETAPA DE OPERACION, EL SEGUIMIENTO A LA INCORPORACION DE DETERMINANTES AMBIENTALES. | C7: 142884000 | D7: 84440000 | E7: =+D7/C7 -> 0.5909689 | F7: 71774000 | G7: =+F7/C7 -> 0.50232356 | H7: 0 | I7: =+H7/F7 -> 0 | J7: =+C7-F7 -> 71110000 | K7: =+J7/C7 -> 0.49767644
B8: 0037-GASTOS DE TRANSPORTE | C8: 50000000 | D8: 0 | E8: =+D8/C8 -> 0 | G8: =+F8/C8 -> 0 | H8: 0 | I8: 0 | J8: =+C8-F8 -> 50000000 | K8: =+J8/C8 -> 1
B9: 0253-PERSONAL CONTRATADO PARA EJECUTAR LAS ACTUACIONES DE EVALUACION CONTROL Y SEGUIMIENTO AMBIENTAL EN AMBIENTE URBANO | C9: 92884000 | D9: 84440000 | E9: =+D9/C9 -> 0.90909091 | F9: 71774000 | G9: =+F9/C9 -> 0.77272727 | H9: 0 | I9: =+H9/F9 -> 0 | J9: =+C9-F9 -> 21110000 | K9: =+J9/C9 -> 0.22727273
B10: 201-REVERDECER 20.000 M2 EN LA CIUDAD A TRAVES DEL FORTALECIMIENTO DE LA INFRAESTRUCTURA VEGETADA. | C10: 24546000 | D10: 10624000 | E10: =+D10/C10 -> 0.43282001 | F10: 10624000 | G10: =+F10/C10 -> 0.43282001 | H10: 0 | I10: =+H10/F10 -> 0 | J10: =+C10-F10 -> 13922000 | K10: =+J10/C10 -> 0.56717999
B11: 3. REALIZAR A 20000 M2 DE TECHOS VERDES Y JARDINES VERTICALES, EL ACOMPAÑAMIENTO TECNICO | C11: 24546000 | D11: 10624000 | E11: =+D11/C11 -> 0.43282001 | F11: 10624000 | G11: =+F11/C11 -> 0.43282001 | H11: 0 | I11: =+H11/F11 -> 0 | J11: =+C11-F11 -> 13922000 | K11: =+J11/C11 -> 0.56717999
B12: 0253-PERSONAL CONTRATADO PARA EJECUTAR LAS ACTUACIONES DE EVALUACION CONTROL Y SEGUIMIENTO AMBIENTAL EN AMBIENTE URBANO | C12: 24546000 | D12: 10624000 | E12: =+D12/C12 -> 0.43282001 | F12: 10624000 | G12: =+F12/C12 -> 0.43282001 | H12: 0 | I12: =+H12/F12 -> 0 | J12: =+C12-F12 -> 13922000 | K12: =+J12/C12 -> 0.56717999
B13: 199-IMPLEMENTAR UNA (1) ESTRATEGIA DISTRITAL DE CRECIMIENTO VERDE CON ENFOQUE DE SOSTENIBILIDAD AMBIENTAL, INNOVACION Y ECONOMIA CIRCULAR QUE INCORPORE UN SISTEMA DE MONITOREO PARA MEDIR LA TRANSICION HACIA UN CRECIMIENTO VERDE Y EL CUMPLIMIENTO DE LOS ODS. | C13: 1209299490 | D13: 1049779490 | E13: =+D13/C13 -> 0.86808892 | F13: 943413000 | G13: =+F13/C13 -> 0.78013181 | H13: 0 | I13: =+H13/F13 -> 0 | J13: =+C13-F13 -> 265886490 | K13: =+J13/C13 -> 0.21986819
B14: 4. DISEÑAR Y HACER SEGUIMIENTO A 1 ESTRATEGIA DE CRECIMIENTO VERDE CON ENFOQUE DE SOSTENIBILIDAD, ECONOMIA CIRCULAR E INNOVACION | C14: 90000000 | D14: 79297000 | E14: =+D14/C14 -> 0.88107778 | F14: 69812000 | G14: =+F14/C14 -> 0.77568889 | H14: 0 | I14: =+H14/F14 -> 0 | J14: =+C14-F14 -> 20188000 | K14: =+J14/C14 -> 0.22431111
B15: 0253-PERSONAL CONTRATADO PARA EJECUTAR LAS ACTUACIONES DE EVALUACION CONTROL Y SEGUIMIENTO AMBIENTAL EN AMBIENTE URBANO | C15: 90000000 | D15: 79297000 | E15: =+D15/C15 -> 0.88107778 | F15: 69812000 | G15: =+F15/C15 -> 0.77568889 | H15: 0 | I15: =+H15/F15 -> 0 | J15: =+C15-F15 -> 20188000 | K15: =+J15/C15 -> 0.22431111
B16: 5. ASISTIR A 800 PROYECTOS PARTICIPANTES DE PROGRAMAS VOLUNTARIOS OFRECIDOS POR LA SEGAE, PARA EL MEJORAMIENTO DEL DESEMPEÑO AMBIENTAL. | C16: 641192490 | D16: 548330490 | E16: =+D16/C16 -> 0.85517298 | F16: 519353000 | G16: =+F16/C16 -> 0.80997985 | H16: 0 | I16: =+H16/F16 -> 0 | J16: =+C16-F16 -> 121839490 | K16: =+J16/C16 -> 0.19002015
B17: 0037-GASTOS DE TRANSPORTE | C17: 32405000 | D17: 0 | E17: =+D17/C17 -> 0 | G17: =+F17/C17 -> 0 | H17: 0 | I17: 0 | J17: =+C17-F17 -> 32405000 | K17: =+J17/C17 -> 1
B18: 0253-PERSONAL CONTRATADO PARA EJECUTAR LAS ACTUACIONES DE EVALUACION CONTROL Y SEGUIMIENTO AMBIENTAL EN AMBIENTE URBANO | C18: 229852000 | D18: 219395000 | E18: =+D18/C18 -> 0.95450551 | F18: 191243000 | G18: =+F18/C18 -> 0.8320267 | H18: 0 | I18: =+H18/F18 -> 0 | J18: =+C18-F18 -> 38609000 | K18: =+J18/C18 -> 0.1679733
B19: 0522-ADQUISICION DE EQUIPOS, MATERIALES, SUMINISTROS, SERVICIOS Y/O PRODUCCION DE MATERIAL TECNICO E INFORMACION PARA LA GESTION AMBIENTAL EN AMBIENTE URBANO | C19: 378935490 | D19: 328935490 | E19: =+D19/C19 -> 0.86805142 | F19: 328110000 | G19: =+F19/C19 -> 0.86587297 | H19: 0 | I19: =+H19/F19 -> 0 | J19: =+C19-F19 -> 50825490 | K19: =+J19/C19 -> 0.13412703
B20: 6. ACOMPAÑAR Y PROMOVER A 100 EMPRESAS EN EL PROCESO DE VERIFICACION DE LOS CRITERIOS DE NEGOCIOS VERDES. | C20: 104955000 | D20: 104513000 | E20: =+D20/C20 -> 0.99578867 | F20: 90696000 | G20: =+F20/C20 -> 0.86414178 | H20: 0 | I20: =+H20/F20 -> 0 | J20: =+C20-F20 -> 14259000 | K20: =+J20/C20 -> 0.13585822
B21: 0253-PERSONAL CONTRATADO PARA EJECUTAR LAS ACTUACIONES DE EVALUACION CONTROL Y SEGUIMIENTO AMBIENTAL EN AMBIENTE URBANO | C21: 104955000 | D21: 104513000 | E21: =+D21/C21 -> 0.99578867 | F21: 90696000 | G21: =+F21/C21 -> 0.86414178 | H21: 0 | I21: =+H21/F21 -> 0 | J21: =+C21-F21 -> 14259000 | K21: =+J21/C21 -> 0.13585822
B22: 7. DESARROLLAR 6 PROYECTOS PILOTOS DE ECONOMIA CIRCULAR EN SECTORES PRODUCTIVOS PRIORIZADOS | C22: 220180000 | D22: 190784000 | E22: =+D22/C22 -> 0.86649105 | F22: 162068000 | G22: =+F22/C22 -> 0.73607049 | H22: 0 | I22: =+H22/F22 -> 0 | J22: =+C22-F22 -> 58112000 | K22: =+J22/C22 -> 0.26392951
B23: 0037-GASTOS DE TRANSPORTE | C23: 17595000 | D23: 0 | E23: =+D23/C23 -> 0 | G23: =+F23/C23 -> 0 | H23: 0 | I23: 0 | J23: =+C23-F23 -> 17595000 | K23: =+J23/C23 -> 1
B24: 0253-PERSONAL CONTRATADO PARA EJECUTAR LAS ACTUACIONES DE EVALUACION CONTROL Y SEGUIMIENTO AMBIENTAL EN AMBIENTE URBANO | C24: 202585000 | D24: 190784000 | E24: =+D24/C24 -> 0.94174791 | F24: 162068000 | G24: =+F24/C24 -> 0.8 | H24: 0 | I24: =+H24/F24 -> 0 | J24: =+C24-F24 -> 40517000 | K24: =+J24/C24 -> 0.2
B25: 8. DESARROLLAR 9 PROYECTOS DE PRODUCCION MAS LIMPIA EN LOS SECTORES PRIORIZADOS. | C25: 152972000 | D25: 126855000 | E25: =+D25/C25 -> 0.82926941 | F25: 101484000 | G25: =+F25/C25 -> 0.66341553 | H25: 0 | I25: =+H25/F25 -> 0 | J25: =+C25-F25 -> 51488000 | K25: =+J25/C25 -> 0.33658447
B26: 0253-PERSONAL CONTRATADO PARA EJECUTAR LAS ACTUACIONES DE EVALUACION CONTROL Y SEGUIMIENTO AMBIENTAL EN AMBIENTE URBANO | C26: 152972000 | D26: 126855000 | E26: =+D26/C26 -> 0.82926941 | F26: 101484000 | G26: =+F26/C26 -> 0.66341553 | H26: 0 | I26: =+H26/F26 -> 0 | J26: =+C26-F26 -> 51488000 | K26: =+J26/C26 -> 0.33658447
B27: 198-ARTICULAR, CONSOLIDAR E IMPLEMENTAR EL PLAN DE ACCION CLIMATICA BOGOTA D.C. 2020-2050 INCLUYENDO LA GESTION NECESARIA PARA LOGRAR UNA REDUCCION DE POR LO MENOS 15% EN LA EMISION DE GASES DE EFECTO INVERNADERO DE BOGOTA PARA 2024, INCLUYENDO HERRAMIENTAS COMO LA PARTICIPACION DE LA CIUDAD EN LOS MERCADOS DE CARBONO. | C27: 782324000 | D27: 472352000 | E27: =+D27/C27 -> 0.60378053 | F27: 421165143 | G27: =+F27/C27 -> 0.5383513 | H27: 6291143 | I27: =+H27/F27 -> 0.014937473 | J27: =+C27-F27 -> 361158857 | K27: =+J27/C27 -> 0.4616487
B28: 9. ARTICULAR Y CONSOLIDAR UN (1) PLAN DE ACCION CLIMATICA PARA BOGOTA D.C. 2020-2050. | C28: 400424000 | D28: 339734000 | E28: =+D28/C28 -> 0.84843566 | F28: 318184000 | G28: =+F28/C28 -> 0.79461771 | H28: 0 | I28: =+H28/F28 -> 0 | J28: =+C28-F28 -> 82240000 | K28: =+J28/C28 -> 0.20538229
B29: 0253-PERSONAL CONTRATADO PARA EJECUTAR LAS ACTUACIONES DE EVALUACION CONTROL Y SEGUIMIENTO AMBIENTAL EN AMBIENTE URBANO | C29: 294120000 | D29: 233734000 | E29: =+D29/C29 -> 0.79468924 | F29: 212184000 | G29: =+F29/C29 -> 0.72141983 | H29: 0 | I29: =+H29/F29 -> 0 | J29: =+C29-F29 -> 81936000 | K29: =+J29/C29 -> 0.27858017
B30: 0522-ADQUISICION DE EQUIPOS, MATERIALES, SUMINISTROS, SERVICIOS Y/O PRODUCCION DE MATERIAL TECNICO E INFORMACION PARA LA GESTION AMBIENTAL EN AMBIENTE URBANO | C30: 106304000 | D30: 106000000 | E30: =+D30/C30 -> 0.99714028 | F30: 106000000 | G30: =+F30/C30 -> 0.99714028 | H30: 0 | I30: =+H30/F30 -> 0 | J30: =+C30-F30 -> 304000 | K30: =+J30/C30 -> 0.0028597231
B31: 10. IMPLEMENTAR AL 100% DE LAS ACCIONES PRIORIZADAS DEL PLAN DE ACCION CLIMATICA PARA BOGOTA D.C. 2020-2050. | C31: 381900000 | D31: 132618000 | E31: =+D31/C31 -> 0.34725844 | F31: 102981143 | G31: =+F31/C31 -> 0.26965473 | H31: 6291143 | I31: =+H31/F31 -> 0.061090243 | J31: =+C31-F31 -> 278918857 | K31: =+J31/C31 -> 0.73034527
B32: 0037-GASTOS DE TRANSPORTE | C32: 170000000 | D32: 0 | E32: =+D32/C32 -> 0 | G32: =+F32/C32 -> 0 | H32: 0 | I32: 0 | J32: =+C32-F32 -> 170000000 | K32: =+J32/C32 -> 1
B33: 0253-PERSONAL CONTRATADO PARA EJECUTAR LAS ACTUACIONES DE EVALUACION CONTROL Y SEGUIMIENTO AMBIENTAL EN AMBIENTE URBANO | C33: 161900000 | D33: 121118000 | E33: =+D33/C33 -> 0.74810377 | F33: 96690000 | G33: =+F33/C33 -> 0.59722051 | H33: 0 | I33: =+H33/F33 -> 0 | J33: =+C33-F33 -> 65210000 | K33: =+J33/C33 -> 0.40277949
B34: 0522-ADQUISICION DE EQUIPOS, MATERIALES, SUMINISTROS, SERVICIOS Y/O PRODUCCION DE MATERIAL TECNICO E INFORMACION PARA LA GESTION AMBIENTAL EN AMBIENTE URBANO | C34: 50000000 | D34: 11500000 | E34: =+D34/C34 -> 0.23 | F34: 6291143 | G34: =+F34/C34 -> 0.12582286 | H34: 6291143 | I34: =+H34/F34 -> 1 | J34: =+C34-F34 -> 43708857 | K34: =+J34/C34 -> 0.87417714
B35: Total Proyecto 7794 - Vig 2020 | C35: 2520913490 | D35: 1901650490 | E35: =+D35/C35 -> 0.75434976 | F35: 1709433143 | G35: =+F35/C35 -> 0.67810068 | H35: 6291143 | I35: =+H35/F35 -> 0.003680251 | J35: =+C35-F35 -> 811480347 | K35: =+J35/C35 -> 0.32189932

Sheet RevLinPA_avanceCronog_Ago
B1: META PDD | C1: META PROYECTO DE INVERSIÓN | D1: EJECUCIÓN FÍSICA | G1: EJECUCIÓN PRESUPUESTAL | J1: CÓDIGO Y NOMBRE DE LA ACTIVIDAD | K1: CRONOGRAMA 2020 | Q1: AVANCE AGOSTO
D2: MAGNITUD 2020 | E2: AVANCE CORTE AGOSTO | F2: % AV | G2: APROPIACIÓN 2020 | H2: COMPROMETIDO CORTE AGOSTO | I2: % COMP | K2: Jul | L2: Ago | M2: Sep | N2: Oct | O2: Nov | P2: Dic | Q2: Avance esperado periodo | R2: Avance corte AGOSTO | S2: Variación
B3: 200-REALIZAR LA GESTION Y SEGUIMIENTO A LA APLICACION DE LOS DETERMINANTES AMBIENTALES EN 1.000 PROYECTOS DE CIUDAD TOMANDO EN CUENTA MEDIDAS DE ADAPTACION Y MITIGACION A LA CRISIS CLIMATICA. | C3: 1. Realizar a 600 proyectos de infraestructura, la gestión para la aplicación de determinantes ambientales. | D3: 66 | E3: 22 | F3: =+E3/D3 -> 0.33333333 | G3: 361860000 | H3: 262457000 | I3: =+H3/G3 -> 0.72529984 | J3: 1. Realizar el acompañamiento para la incorporación de criterios y determinantes ambientales en proyectos de infraestructura. | K3: 0.16 | L3: 0.17 | M3: 0.17 | N3: 0.17 | O3: 0.17 | P3: 0.16 | Q3: =+K3+L3 -> 0.33 | R3: 0.33 | S3: =+R3-Q3 -> 0
C4: 2. Realizar a 400 proyectos de infraestructura en etapa de operación, el seguimiento a la incorporación de determinantes ambientales. | D4: 20 | E4: 0 | F4: =+E4/D4 -> 0 | G4: 142884000 | H4: 71774000 | I4: =+H4/G4 -> 0.50232356 | J4: 2. Verificar en proyectos de infraestructura la incorporación de criterios y determinantes ambientales en proyectos de infraestructura. | M4: 0.1 | N4: 0.2 | O4: 0.3 | P4: 0.4 | Q4: =+K4+L4 -> 0 | R4: 0 | S4: =+R4-Q4 -> 0
B5: 201-REVERDECER 20.000 M2 EN LA CIUDAD A TRAVES DEL FORTALECIMIENTO DE LA INFRAESTRUCTURA VEGETADA. | C5: 3. Realizar a 20000 m2 de techos verdes y jardines verticales, el acompañamiento técnico | D5: 2500 | E5: 741 | F5: =+E5/D5 -> 0.2964 | G5: 24546000 | H5: 10624000 | I5: =+H5/G5 -> 0.43282001 | J5: 3. Realizar el acompañamiento técnico a techos verdes y jardines verticales en la Ciudad. | L5: 0.3 | M5: 0.175 | N5: 0.175 | O5: 0.175 | P5: 0.175 | Q5: =+K5+L5 -> 0.3 | R5: 0.3 | S5: =+R5-Q5 -> 0
B6: 199-IMPLEMENTAR UNA (1) ESTRATEGIA DISTRITAL DE CRECIMIENTO VERDE CON ENFOQUE DE SOSTENIBILIDAD AMBIENTAL, INNOVACION Y ECONOMIA CIRCULAR QUE INCORPORE UN SISTEMA DE MONITOREO PARA MEDIR LA TRANSICION HACIA UN CRECIMIENTO VERDE Y EL CUMPLIMIENTO DE LOS ODS. | C6: 4. Diseñar y hacer seguimiento a 1 estrategia de crecimiento verde con enfoque de sostenibilidad, economía circular e innovación | D6: 0.05 | E6: 0.005 | F6: =+E6/D6 -> 0.1 | G6: 90000000 | H6: 69812000 | I6: =+H6/G6 -> 0.77568889 | J6: 4. Prediseñar la estrategia de crecimiento verde para la ciudad. | L6: 0.1 | M6: 0.2 | N6: 0.3 | O6: 0.3 | P6: 0.1 | Q6: =+K6+L6 -> 0.1 | R6: 0.1 | S6: =+R6-Q6 -> 0
C7: 5. Asistir a 800 proyectos participantes de programas voluntarios ofrecidos por la SEGAE, para el mejoramiento del desempeño ambiental. | D7: 50 | E7: 5 | F7: =+E7/D7 -> 0.1 | G7: 641192490 | H7: 519353000 | I7: =+H7/G7 -> 0.80997985 | J7: 5. Desarrollar proyectos de asistencia técnica para el mejoramiento del desempeño ambiental en empresas participantes de programas voluntarios ofrecidos por la SEGAE. | L7: 0.1 | M7: 0.2 | N7: 0.3 | O7: 0.3 | P7: 0.1 | Q7: =+K7+L7 -> 0.1 | R7: 0.1 | S7: =+R7-Q7 -> 0
J8: 6.Desarrollar las actividades programadas en cada convocatoria del Programa de Excelencia Ambiental Distrital - PREAD. | L8: 0.1 | M8: 0.2 | N8: 0.3 | O8: 0.3 | P8: 0.1 | Q8: =+K8+L8 -> 0.1 | R8: 0.1 | S8: =+R8-Q8 -> 0
C9: 6. Acompañar y promover a 100 empresas en el proceso de verificación de los criterios de Negocios verdes. | D9: 10 | E9: 4 | F9: =+E9/D9 -> 0.4 | G9: 104955000 | H9: 90696000 | I9: =+H9/G9 -> 0.86414178 | J9: 7. Diseño de estrategias para los negocios verdes. | K9: 0.05 | L9: 0.1 | M9: 0.2 | N9: 0.25 | O9: 0.25 | P9: 0.15 | Q9: =+K9+L9 -> 0.15 | R9: 0.15 | S9: =+R9-Q9 -> 0
J10: 8. Realizar el acompañamiento en el proceso de fortalecimiento de negocios verdes | K10: 0.05 | L10: 0.15 | M10: 0.2 | N10: 0.2 | O10: 0.2 | P10: 0.2 | Q10: =+K10+L10 -> 0.2 | R10: 0.2 | S10: =+R10-Q10 -> 0
J11: 9. Verificación y seguimiento a los criterios de negocios verdes. | K11: 0.05 | L11: 0.15 | M11: 0.2 | N11: 0.2 | O11: 0.2 | P11: 0.2 | Q11: =+K11+L11 -> 0.2 | R11: 0.05 | S11: =+R11-Q11 -> -0.15
C12: 7. Desarrollar 6 proyectos pilotos de economía circular en sectores productivos priorizados | D12: 0.5 | E12: 0.1 | F12: =+E12/D12 -> 0.2 | G12: 220180000 | H12: 162068000 | I12: =+H12/G12 -> 0.73607049 | J12: 10. Diseño de los proyectos de economía circular. | K12: 0.05 | L12: 0.15 | M12: 0.2 | N12: 0.2 | O12: 0.2 | P12: 0.2 | Q12: =+K12+L12 -> 0.2 | R12: 0.2 | S12: =+R12-Q12 -> 0
J13: 11. Realizar el acompañamiento de los procesos de promoción de los proyectos. | K13: 0.05 | L13: 0.15 | M13: 0.2 | N13: 0.2 | O13: 0.2 | P13: 0.2 | Q13: =+K13+L13 -> 0.2 | R13: 0.2 | S13: =+R13-Q13 -> 0
J14: 12. Presentación de informes de avance en los proyectos | K14: 0.05 | L14: 0.15 | M14: 0.2 | N14: 0.2 | O14: 0.2 | P14: 0.2 | Q14: =+K14+L14 -> 0.2 | R14: 0.2 | S14: =+R14-Q14 -> 0
C15: 8. Desarrollar 9 proyectos de producción más limpia en los sectores priorizados | D15: 0.5 | E15: 0 | F15: =+E15/D15 -> 0 | G15: 152972000 | H15: 101484000 | I15: =+H15/G15 -> 0.66341553 | J15: 13. Formulación e implementación de un plan anual para la implementación de producción más limpia en los sectores de curtiembres y metalurgia (galvanoplastia), que incluya programación de capacitaciones. | N15: 0.3 | O15: 0.3 | P15: 0.4 | Q15: =+K15+L15 -> 0 | R15: 0 | S15: =+R15-Q15 -> 0
J16: 14. Formulación e implementación del plan anual de apoyo técnico y buenas prácticas a explotaciones mineras. | N16: 0.3 | O16: 0.3 | P16: 0.4 | Q16: =+K16+L16 -> 0 | R16: 0 | S16: =+R16-Q16 -> 0
B17: 198-ARTICULAR, CONSOLIDAR E IMPLEMENTAR EL PLAN DE ACCION CLIMATICA BOGOTA D.C. 2020-2050 INCLUYENDO LA GESTION NECESARIA PARA LOGRAR UNA REDUCCION DE POR LO MENOS 15% EN LA EMISION DE GASES DE EFECTO INVERNADERO DE BOGOTA PARA 2024, INCLUYENDO HERRAMIENTAS COMO LA PARTICIPACION DE LA CIUDAD EN LOS MERCADOS DE CARBONO. | C17: 9. Articular y consolidar 1 Plan de Acción Climática para Bogotá D.C. 2020 - 2050. | D17: 1 | E17: 0 | F17: =+E17/D17 -> 0 | G17: 400424000 | H17: 318184000 | I17: =+H17/G17 -> 0.79461771 | J17: 15. Hacer un taller intersectorial de arranque con las diferentes entidades distrital para la revisión de medidas de mitigación y adaptación - Producto: Taller + Reporte del taller. | K17: 1 | Q17: =+K17+L17 -> 1 | R17: 1 | S17: =+R17-Q17 -> 0
J18: 16. Revisión y retroalimentación de la información actual y futura de riesgo climático y la evidencia de las acciones de adaptación, con el objetivo del cumplimiento del Framework de C40. | L18: 0.1 | M18: 0.6 | N18: 0.3 | Q18: =+K18+L18 -> 0.1 | R18: 0.1 | S18: =+R18-Q18 -> 0
J19: 17. Construcción de acciones transformadoras de adaptación, ante los impactos del cambio climático de acuerdo con los objetivos del Acuerdo de Paris y de adaptación de la ciudad. | M19: 0.3 | N19: 0.7 | Q19: =+K19+L19 -> 0 | R19: 0 | S19: =+R19-Q19 -> 0
J20: 18.Actualización de datos del INGEI para los 4 sectores a 2018, de acuerdo con Plan de trabajo definido por la DCA. | M20: 0.25 | N20: 0.25 | O20: 0.25 | P20: 0.25 | Q20: =+K20+L20 -> 0 | R20: 0 | S20: =+R20-Q20 -> 0
J21: 19. Formulación de Plan de Gestión del INGEI | O21: 0.5 | P21: 0.5 | Q21: =+K21+L21 -> 0 | R21: 0 | S21: =+R21-Q21 -> 0
J22: 20. Modelación de escenarios de mitigación | M22: 0.3 | N22: 0.4 | O22: 0.3 | Q22: =+K22+L22 -> 0 | R22: 0 | S22: =+R22-Q22 -> 0
J23: 21. Consolidación de banco de proyecto de mitigación y adaptación con información de emisiones de GEI | M23: 0.25 | N23: 0.25 | O23: 0.25 | P23: 0.25 | Q23: =+K23+L23 -> 0 | R23: 0 | S23: =+R23-Q23 -> 0
J24: 22. Desarrollo de Taller intersectorial de definición de criterios para la priorización de acciones de mitigación y adaptación . Producto: reporte del taller con resultados. | N24: 1 | Q24: =+K24+L24 -> 0 | R24: 0 | S24: =+R24-Q24 -> 0
J25: 23. Desarrollo de un taller con la ciudad de capacitación para la priorización de acciones de acuerdo con la información recolectada y disponible. | N25: 1 | Q25: =+K25+L25 -> 0 | R25: 0 | S25: =+R25-Q25 -> 0
J26: 24. Documento con acciones priorizadas a implementar en 2020-2024 | O26: 1 | Q26: =+K26+L26 -> 0 | R26: 0 | S26: =+R26-Q26 -> 0
J27: 25. Hoja de Ruta del Plan de Acción Climática con acciones priorizadas a 2024 + hitos 2030 y 2050. | N27: 0.3 | O27: 0.3 | P27: 0.4 | Q27: =+K27+L27 -> 0 | R27: 0 | S27: =+R27-Q27 -> 0
C28: 10. Implementar al 100% de las acciones priorizadas del Plan de Acción Climática para Bogotá D.C. 2020 - 2050. | D28: 12.5 | E28: 4.1 | F28: =+E28/D28 -> 0.328 | G28: 381900000 | H28: 102981143 | I28: =+H28/G28 -> 0.26965473 | J28: 26. Formulación de propuestas a convocatorias de cooperación internacional para el financiamiento de medidas priorizadas a 2024 . | K28: 0.2 | L28: 0.3 | M28: 0.3 | N28: 0.2 | Q28: =+K28+L28 -> 0.5 | R28: 0.5 | S28: =+R28-Q28 -> 0
J29: 27. Ejecutar acciones de gestión del riesgo por incendio forestal. | K29: 0.16 | L29: 0.17 | M29: 0.16 | N29: 0.16 | O29: 0.16 | P29: 0.19 | Q29: =+K29+L29 -> 0.33 | R29: 0.33 | S29: =+R29-Q29 -> 0
J30: 28. Respuesta a las emergencias de los servicios básicos en los que la SDA actúa como responsable ejecutor. | K30: 0.16 | L30: 0.17 | M30: 0.17 | N30: 0.17 | O30: 0.17 | P30: 0.16 | Q30: =+K30+L30 -> 0.33 | R30: 0.33 | S30: =+R30-Q30 -> 0
J31: 29. Adelantar la implementación de los instrumentos de planeación de gestión ambiental PIGA-PACA. | K31: 0.1 | L31: 0.2 | M31: 0.2 | N31: 0.2 | O31: 0.2 | P31: 0.1 | Q31: =+K31+L31 -> 0.3 | R31: 0.3 | S31: =+R31-Q31 -> 0
J32: 30. Seguimiento a las acciones establecidas en los instrumentos de planeación existentes y orientados a recuperar y manejar ambientalmente los “Suelos de Protección por Riesgo no Mitigable”. | K32: 0.1 | L32: 0.2 | M32: 0.2 | N32: 0.2 | O32: 0.15 | P32: 0.15 | Q32: =+K32+L32 -> 0.3 | R32: 0.3 | S32: =+R32-Q32 -> 0
C33: TOTAL PROYECTO 7794 | G33: =SUM(G3:G32) -> 2520913490 | H33: =SUM(H3:H32) -> 1709433143 | I33: =+H33/G33 -> 0.67810068
